Workbook
Name Energy_cost: DCF!$E$19
Name Energy_switch: DCF!$E$14
Name Insur_cost: DCF!$E$18
Name Insurance_Switch: DCF!$E$13
Name Interest_switch: DCF!$E$15
Name TGR: DCF!$E$28
Name WACC: DCF!$E$27

Sheet DCF
B2: DCF
B5: Ticker | E5: BRK - A | G5: Current Share Price | I5: 489.46
B6: Date | E6: =TODAY() -> 46245 | G6: Implied Share Price | I6: =T175 -> 512.85395
B7: Year End Date | E7: 46387 | G7: Premium/(Discount) | I7: =I6/I5-1 -> 0.047795426
A9: x | B9: Assumptions
B11: Switches | G11: 1. Conservative | M11: 2. Base | S11: 3. Optimistic
B12: Revenue | G12: Revenue | J12: Year | K12: Metric | M12: Revenue | P12: Year | Q12: Metric | S12: Revenue | V12: Year | W12: Metric
B13: =$B$33 -> Insurance & Other | E13: 2 | G13: =$B$33 -> Insurance & Other | J13: 2026 | K13: -0.2 | S13: =$B$33 -> Insurance & Other | V13: 2026 | W13: 0.2
B14: =$B$39 -> Railroads, utilities and energy | E14: 2 | G14: =$B$33 -> Insurance & Other | J14: 2031 | K14: 0.005 | M14: =$B$33 -> Insurance & Other | P14: 2031 | Q14: 0.02 | S14: =$B$33 -> Insurance & Other | V14: 2031 | W14: 0.035
B15: =$B$51 -> Interest and other investment income | E15: 2 | G15: =$B$39 -> Railroads, utilities and energy | J15: 2026 | K15: -0.15 | S15: =$B$39 -> Railroads, utilities and energy | V15: 2026 | W15: 0.15
G16: =$B$39 -> Railroads, utilities and energy | J16: 2031 | K16: 0.01 | M16: =$B$39 -> Railroads, utilities and energy | P16: 2031 | Q16: 0.02 | S16: =$B$39 -> Railroads, utilities and energy | V16: 2031 | W16: 0.03
B17: Cost & OpEx | G17: =$B$51 -> Interest and other investment income | J17: 2026-2031 | K17: =Q17-1% -> 0.05 | M17: =$B$51 -> Interest and other investment income | P17: 2026-2031 | Q17: 0.06 | S17: =$B$51 -> Interest and other investment income | V17: 2026-2031 | W17: =Q17+1% -> 0.07
B18: =$B$33 -> Insurance & Other | E18: 2
B19: =$B$39 -> Railroads, utilities and energy | E19: 2 | G19: Cost & OpEx | J19: Year | K19: Metric | M19: Cost & OpEx | P19: Year | Q19: Metric | S19: Cost & OpEx | V19: Year | W19: Metric
G20: =$B$33 -> Insurance & Other | J20: 2026 | K20: 0.92 | M20: =$B$33 -> Insurance & Other | P20: 2026 | Q20: =AVERAGE(K63:N63,I63,E63:G63) -> 0.95101969 | S20: =$B$33 -> Insurance & Other | V20: 2026 | W20: 0.89
G21: =$B$33 -> Insurance & Other | J21: 2027-2031 | K21: =Q21+1.5% -> 0.965 | M21: =$B$33 -> Insurance & Other | P21: 2027-2031 | Q21: 0.95 | S21: =$B$33 -> Insurance & Other | V21: 2027-2031 | W21: =Q21-1.5% -> 0.935
G22: =$B$39 -> Railroads, utilities and energy | J22: 2026 | K22: =Q22+1.5% -> 0.83280391 | M22: =$B$39 -> Railroads, utilities and energy | P22: 2026 | Q22: =AVERAGE(K69:N69) -> 0.81780391 | S22: =$B$39 -> Railroads, utilities and energy | V22: 2026 | W22: =Q22-1.5% -> 0.80280391
G23: =$B$39 -> Railroads, utilities and energy | J23: 2027-2031 | K23: =Q23+2% -> 0.815 | M23: =$B$39 -> Railroads, utilities and energy | P23: 2031 | Q23: 0.795 | S23: =$B$39 -> Railroads, utilities and energy | V23: 2031 | W23: =Q23-2% -> 0.775
B24: Other Assumptions
B26: Tax Rate | E26: 0.21
B27: WACC | E27: =WACC!I58 -> 0.060511832
B28: TGR | E28: 0.02
O29: 1 | P29: =O29+1 -> 2 | Q29: =P29+1 -> 3 | R29: =Q29+1 -> 4 | S29: =R29+1 -> 5 | T29: =S29+1 -> 6
E30: Actuals | O30: Estimates
A31: x | B31: Revenue Build | E31: =F31-365 -> 42735 | F31: =G31-365 -> 43100 | G31: =H31-365 -> 43465 | H31: =I31-366 -> 43830 | I31: =J31-365 -> 44196 | J31: 44561 | K31: =J31+365 -> 44926 | L31: =K31+365 -> 45291 | M31: =L31+365 -> 45656 | N31: =M31+365 -> 46021 | O31: =N31+365 -> 46386 | P31: =O31+365 -> 46751 | Q31: =P31+365 -> 47116 | R31: =Q31+365 -> 47481 | ... T31: =S31+365 -> 48211
B33: Insurance & Other | E33: ='IS - Annual'!C16 -> 165370 | F33: ='IS - Annual'!D16 -> 186560 | G33: ='IS - Annual'!E16 -> 196486 | H33: ='IS - Annual'!F16 -> 201923 | I33: ='IS - Annual'!G16 -> 195654 | J33: ='IS - Annual'!H16 -> 220509 | K33: ='IS - Annual'!I16 -> 239677 | L33: ='IS - Annual'!J16 -> 298967 | ... N33: ='IS - Annual'!L16 -> 298460 | O33: =N33*(1+O34) -> 313019.09 | P33: =O33*(1+P34) -> 326486.6 | Q33: =P33*(1+Q34) -> 338654.25 | R33: =Q33*(1+R34) -> 349326.01 | S33: =R33*(1+S34) -> 358323.3 | T33: =S33*(1+T34) -> 365489.77
B34: % growth | E34: -- | F34: =F33/E33-1 -> 0.12813691 | G34: =G33/F33-1 -> 0.053205403 | H34: =H33/G33-1 -> 0.027671183 | I34: =I33/H33-1 -> -0.031046488 | J34: =J33/I33-1 -> 0.12703548 | K34: =K33/J33-1 -> 0.086926157 | L34: =L33/K33-1 -> 0.24737459 | M34: =M33/L33-1 -> 0.002846468 | N34: =N33/M33-1 -> -0.0045294145 | O34: =IF(Insurance_Switch=2,O36,IF(Insurance_Switch=1,O35,O37)) -> 0.048780712 | P34: =IF(Insurance_Switch=2,P36,IF(Insurance_Switch=1,P35,P37)) -> 0.043024569 | Q34: =IF(Insurance_Switch=2,Q36,IF(Insurance_Switch=1,Q35,Q37)) -> 0.037268427 | R34: =IF(Insurance_Switch=2,R36,IF(Insurance_Switch=1,R35,R37)) -> 0.031512285 | S34: =IF(Insurance_Switch=2,S36,IF(Insurance_Switch=1,S35,S37)) -> 0.025756142 | T34: =IF(Insurance_Switch=2,T36,IF(Insurance_Switch=1,T35,T37)) -> 0.02
B35: Conservative | O35: =O36*(1+$K$13) -> 0.039024569 | P35: =P36*(1+$K$13) -> 0.034419656 | Q35: =Q36*(1+$K$13) -> 0.029814742 | R35: =R36*(1+$K$13) -> 0.025209828 | S35: =S36*(1+$K$13) -> 0.020604914 | T35: =K14 -> 0.005
B36: Base | O36: =AVERAGE(M34:N34,F34:K34) -> 0.048780712 | P36: =O36-(($O$36-$T$36)/($T$29-$O$29)) -> 0.043024569 | Q36: =P36-(($O$36-$T$36)/($T$29-$O$29)) -> 0.037268427 | R36: =Q36-(($O$36-$T$36)/($T$29-$O$29)) -> 0.031512285 | S36: =R36-(($O$36-$T$36)/($T$29-$O$29)) -> 0.025756142 | T36: =Q14 -> 0.02
B37: Optimistic | O37: =O36*(1+$W$13) -> 0.058536854 | P37: =P36*(1+$W$13) -> 0.051629483 | Q37: =Q36*(1+$W$13) -> 0.044722113 | R37: =R36*(1+$W$13) -> 0.037814742 | S37: =S36*(1+$W$13) -> 0.030907371 | T37: =W14 -> 0.035
B39: Railroads, utilities and energy | E39: ='IS - Annual'!C27 -> 37542 | F39: ='IS - Annual'!D27 -> 39943 | G39: ='IS - Annual'!E27 -> 43673 | H39: ='IS - Annual'!F27 -> 43453 | I39: ='IS - Annual'!G27 -> 41764 | J39: ='IS - Annual'!H27 -> 48120 | K39: ='IS - Annual'!I27 -> 52149 | L39: ='IS - Annual'!J27 -> 49751 | ... N39: ='IS - Annual'!L27 -> 49723 | O39: =N39*(1+O40) -> 51395.916 | P39: =O39*(1+P40) -> 52984.86 | Q39: =P39*(1+Q40) -> 54478.335 | R39: =Q39*(1+R40) -> 55865.238 | S39: =R39*(1+S40) -> 57134.996 | T39: =S39*(1+T40) -> 58277.696
B40: % growth | E40: -- | F40: =F39/E39-1 -> 0.063955037 | G40: =G39/F39-1 -> 0.093383071 | H40: =H39/G39-1 -> -0.0050374373 | I40: =I39/H39-1 -> -0.038869583 | J40: =J39/I39-1 -> 0.15218849 | K40: =K39/J39-1 -> 0.08372818 | L40: =L39/K39-1 -> -0.045983624 | M40: =M39/L39-1 -> 0.00078390384 | N40: =N39/M39-1 -> -0.0013456517 | O40: =IF(Energy_switch=2,O42,IF(Energy_switch=1,O41,O43)) -> 0.033644709 | P40: =IF(Energy_switch=2,P42,IF(Energy_switch=1,P41,P43)) -> 0.030915767 | Q40: =IF(Energy_switch=2,Q42,IF(Energy_switch=1,Q41,Q43)) -> 0.028186826 | R40: =IF(Energy_switch=2,R42,IF(Energy_switch=1,R41,R43)) -> 0.025457884 | S40: =IF(Energy_switch=2,S42,IF(Energy_switch=1,S41,S43)) -> 0.022728942 | T40: =IF(Energy_switch=2,T42,IF(Energy_switch=1,T41,T43)) -> 0.02
B41: Conservative | O41: =O42*(1+$K$15) -> 0.028598003 | P41: =P42*(1+$K$15) -> 0.026278402 | Q41: =Q42*(1+$K$15) -> 0.023958802 | R41: =R42*(1+$K$15) -> 0.021639201 | S41: =S42*(1+$K$15) -> 0.019319601 | T41: =K16 -> 0.01
B42: Base | O42: =AVERAGE(F40:N40) -> 0.033644709 | P42: =O42-(($O$42-$T$42)/($T$29-$O$29)) -> 0.030915767 | Q42: =P42-(($O$42-$T$42)/($T$29-$O$29)) -> 0.028186826 | R42: =Q42-(($O$42-$T$42)/($T$29-$O$29)) -> 0.025457884 | S42: =R42-(($O$42-$T$42)/($T$29-$O$29)) -> 0.022728942 | T42: =Q16 -> 0.02
B43: Optimistic | O43: =O42*(1+$W$15) -> 0.038691416 | P43: =P42*(1+$W$15) -> 0.035553132 | Q43: =Q42*(1+$W$15) -> 0.032414849 | R43: =R42*(1+$W$15) -> 0.029276566 | S43: =S42*(1+$W$15) -> 0.026138283 | T43: =W16 -> 0.03
B45: Total Operating Revenue | E45: =E39+E33 -> 202912 | F45: =F39+F33 -> 226503 | G45: =G39+G33 -> 240159 | H45: =H39+H33 -> 245376 | I45: =I39+I33 -> 237418 | J45: =J39+J33 -> 268629 | K45: =K39+K33 -> 291826 | L45: =L39+L33 -> 348718 | ... T45: =T39+T33 -> 423767.47
B46: % growth | E46: -- | F46: =F45/E45-1 -> 0.11626222 | G46: =G45/F45-1 -> 0.060290592 | H46: =H45/G45-1 -> 0.021723108 | I46: =I45/H45-1 -> -0.03243186 | J46: =J45/I45-1 -> 0.13146013 | K46: =K45/J45-1 -> 0.086353298 | L46: =L45/K45-1 -> 0.19495179 | M46: =M45/L45-1 -> 0.0025522055 | ... T46: =T45/S45-1 -> 0.02
B48: Interest Bearing Base | E48: ='Historical Equity Holding'!C9+'Historical Equity Holding'!C10+'Historical Equity Holding'!C11 -> 94351 | F48: ='Historical Equity Holding'!D9+'Historical Equity Holding'!D10+'Historical Equity Holding'!D11 -> 125328 | G48: ='Historical Equity Holding'!E9+'Historical Equity Holding'!E10+'Historical Equity Holding'!E11 -> 129153 | H48: ='Historical Equity Holding'!F9+'Historical Equity Holding'!F10+'Historical Equity Holding'!F11 -> 143658 | I48: ='Historical Equity Holding'!G9+'Historical Equity Holding'!G10+'Historical Equity Holding'!G11 -> 155424 | J48: ='Historical Equity Holding'!H9+'Historical Equity Holding'!H10+'Historical Equity Holding'!H11 -> 160288 | K48: ='Historical Equity Holding'!I9+'Historical Equity Holding'!I10+'Historical Equity Holding'!I11 -> 150162 | L48: ='Historical Equity Holding'!J9+'Historical Equity Holding'!J10+'Historical Equity Holding'!J11 -> 187645 | ... N48: ='Historical Equity Holding'!L9+'Historical Equity Holding'!L10+'Historical Equity Holding'!L11 -> 386969 | O48: =N48*(1+O49) -> 406317.45 | P48: =O48*(1+P49) -> 426633.32 | Q48: =P48*(1+Q49) -> 447964.99 | R48: =Q48*(1+R49) -> 470363.24 | S48: =R48*(1+S49) -> 493881.4 | T48: =S48*(1+T49) -> 518575.47
B49: % growth | E49: -- | F49: =F48/E48-1 -> 0.32831661 | G49: =G48/F48-1 -> 0.030519916 | H49: =H48/G48-1 -> 0.11230866 | I49: =I48/H48-1 -> 0.081902853 | J49: =J48/I48-1 -> 0.031295038 | K49: =K48/J48-1 -> -0.063173787 | L49: =L48/K48-1 -> 0.24961708 | M49: =M48/L48-1 -> 0.84374217 | N49: =N48/M48-1 -> 0.11850773 | O49: 0.05 | P49: =O49 -> 0.05 | Q49: =P49 -> 0.05 | R49: =Q49 -> 0.05 | S49: =R49 -> 0.05 | T49: =S49 -> 0.05
B51: Interest and other investment income | E51: ='IS - Annual'!C15 -> 4725 | F51: ='IS - Annual'!D15 -> 5144 | G51: ='IS - Annual'!E15 -> 7678 | H51: ='IS - Annual'!F15 -> 9240 | I51: ='IS - Annual'!G15 -> 8092 | J51: ='IS - Annual'!H15 -> 7465 | K51: ='IS - Annual'!I15 -> 10263 | L51: ='IS - Annual'!J15 -> 15764 | ... N51: ='IS - Annual'!L15 -> 23261 | O51: =O52*O48 -> 24379.047 | P51: =P52*P48 -> 25597.999 | Q51: =Q52*Q48 -> 26877.899 | R51: =R52*R48 -> 28221.794 | S51: =S52*S48 -> 29632.884 | T51: =T52*T48 -> 31114.528
B52: % interest rate | E52: =E51/E48 -> 0.05007896 | F52: =F51/F48 -> 0.0410443 | G52: =G51/G48 -> 0.059448871 | H52: =H51/H48 -> 0.064319425 | I52: =I51/I48 -> 0.052064031 | J52: =J51/J48 -> 0.04657242 | K52: =K51/K48 -> 0.068346186 | L52: =L51/L48 -> 0.084009699 | ... N52: =N51/N48 -> 0.060110758 | O52: =IF(Interest_switch=2,O54,IF(Interest_switch=1,O53,O55)) -> 0.06 | P52: =IF(Interest_switch=2,P54,IF(Interest_switch=1,P53,P55)) -> 0.06 | Q52: =IF(Interest_switch=2,Q54,IF(Interest_switch=1,Q53,Q55)) -> 0.06 | R52: =IF(Interest_switch=2,R54,IF(Interest_switch=1,R53,R55)) -> 0.06 | S52: =IF(Interest_switch=2,S54,IF(Interest_switch=1,S53,S55)) -> 0.06 | T52: =IF(Interest_switch=2,T54,IF(Interest_switch=1,T53,T55)) -> 0.06
B53: Conservative | O53: =K17 -> 0.05 | P53: =O53 -> 0.05 | Q53: =P53 -> 0.05 | R53: =Q53 -> 0.05 | S53: =R53 -> 0.05 | T53: =S53 -> 0.05
B54: Base | O54: =Q17 -> 0.06 | P54: =O54 -> 0.06 | Q54: =P54 -> 0.06 | R54: =Q54 -> 0.06 | S54: =R54 -> 0.06 | T54: =S54 -> 0.06
B55: Optimistic | O55: =W17 -> 0.07 | P55: =O55 -> 0.07 | Q55: =P55 -> 0.07 | R55: =Q55 -> 0.07 | S55: =R55 -> 0.07 | T55: =S55 -> 0.07
B57: Total Revenue (Operating & Non-operating) | E57: =E39+E33+E51 -> 207637 | F57: =F39+F33+F51 -> 231647 | G57: =G39+G33+G51 -> 247837 | H57: =H39+H33+H51 -> 254616 | I57: =I39+I33+I51 -> 245510 | J57: =J39+J33+J51 -> 276094 | K57: =K39+K33+K51 -> 302089 | L57: =L39+L33+L51 -> 364482 | ... T57: =T39+T33+T51 -> 454881.99
B58: % growth | E58: -- | F58: =F57/E57-1 -> 0.1156345 | G58: =G57/F57-1 -> 0.069890825 | H58: =H57/G57-1 -> 0.027352655 | I58: =I57/H57-1 -> -0.03576366 | J58: =J57/I57-1 -> 0.12457334 | K58: =K57/J57-1 -> 0.094152716 | L58: =L57/K57-1 -> 0.20653847 | M58: =M57/L57-1 -> 0.019070901 | ... T58: =T57/S57-1 -> 0.021997313
A60: x | B60: Cost & OpEx Build | E60: =F60-365 -> 42735 | F60: =G60-365 -> 43100 | G60: =H60-365 -> 43465 | H60: =I60-366 -> 43830 | I60: =J60-365 -> 44196 | J60: 44561 | K60: =J60+365 -> 44926 | L60: =K60+365 -> 45291 | M60: =L60+365 -> 45656 | N60: =M60+365 -> 46021 | O60: =N60+365 -> 46386 | P60: =O60+365 -> 46751 | Q60: =P60+365 -> 47116 | R60: =Q60+365 -> 47481 | ... T60: =S60+365 -> 48211
B62: Insurance & Other | E62: =-'IS - Annual'!C36 -> 156427 | F62: =-'IS - Annual'!D36 -> 183559 | G62: =-'IS - Annual'!E36 -> 184815 | H62: =-'IS - Annual'!F36 -> 192064 | I62: =-'IS - Annual'!G36 -> 198757 | J62: =-'IS - Annual'!H36 -> 206808 | K62: =-'IS - Annual'!I36 -> 225302 | L62: =-'IS - Annual'!J36 -> 278933 | ... N62: =-'IS - Annual'!L36 -> 278253 | O62: =O63*O33 -> 297687.32 | P62: =P63*P33 -> 310162.27 | Q62: =Q63*Q33 -> 321721.53 | R62: =R63*R33 -> 331859.71 | S62: =S63*S33 -> 340407.14 | T62: =T63*T33 -> 347215.28
B63: % margin | E63: =E62/E33 -> 0.94592127 | F63: =F62/F33 -> 0.98391402 | G63: =G62/G33 -> 0.94060137 | H63: =H62/H33 -> 0.95117446 | I63: =I62/I33 -> 1.0158596 | J63: =J62/J33 -> 0.93786648 | K63: =K62/K33 -> 0.94002345 | L63: =L62/L33 -> 0.93298926 | ... N63: =N62/N33 -> 0.93229579 | O63: =IF(Insur_cost=2,O65,IF(Insur_cost=1,O64,O66)) -> 0.95101969 | P63: =IF(Insur_cost=2,P65,IF(Insur_cost=1,P64,P66)) -> 0.95 | Q63: =IF(Insur_cost=2,Q65,IF(Insur_cost=1,Q64,Q66)) -> 0.95 | R63: =IF(Insur_cost=2,R65,IF(Insur_cost=1,R64,R66)) -> 0.95 | S63: =IF(Insur_cost=2,S65,IF(Insur_cost=1,S64,S66)) -> 0.95 | T63: =IF(Insur_cost=2,T65,IF(Insur_cost=1,T64,T66)) -> 0.95
B64: Conservative | O64: =K20 -> 0.92 | P64: =$K$21 -> 0.965 | Q64: =$K$21 -> 0.965 | R64: =$K$21 -> 0.965 | S64: =$K$21 -> 0.965 | T64: =$K$21 -> 0.965
B65: Base | O65: =Q20 -> 0.95101969 | P65: =$Q$21 -> 0.95 | Q65: =$Q$21 -> 0.95 | R65: =$Q$21 -> 0.95 | S65: =$Q$21 -> 0.95 | T65: =$Q$21 -> 0.95
B66: Optimistic | O66: =W20 -> 0.89 | P66: =$W$21 -> 0.935 | Q66: =$W$21 -> 0.935 | R66: =$W$21 -> 0.935 | S66: =$W$21 -> 0.935 | T66: =$W$21 -> 0.935
B68: Railroads, utilities and energy | E68: =-'IS - Annual'!C46 -> 28836 | F68: =-'IS - Annual'!D46 -> 31288 | G68: =-'IS - Annual'!E46 -> 34399 | H68: =-'IS - Annual'!F46 -> 33639 | I68: =-'IS - Annual'!G46 -> 32532 | J68: =-'IS - Annual'!H46 -> 37137 | K68: =-'IS - Annual'!I46 -> 41327 | L68: =-'IS - Annual'!J46 -> 42211 | ... N68: =-'IS - Annual'!L46 -> 40220 | O68: =O69*O39 -> 42031.781 | P68: =P69*P39 -> 43089.573 | Q68: =Q69*Q39 -> 44055.668 | R68: =R69*R39 -> 44922.443 | S68: =S69*S39 -> 45682.902 | T68: =T69*T39 -> 46330.768
B69: % margin | E69: =E68/E39 -> 0.76809973 | F69: =F68/F39 -> 0.78331623 | G69: =G68/G39 -> 0.78764912 | H69: =H68/H39 -> 0.77414678 | I69: =I68/I39 -> 0.77894838 | J69: =J68/J39 -> 0.7717581 | K69: =K68/K39 -> 0.79247924 | L69: =L68/L39 -> 0.84844526 | ... N69: =N68/N39 -> 0.8088812 | O69: =IF(Energy_cost=2,O71,IF(Energy_cost=1,O70,O72)) -> 0.81780391 | P69: =IF(Energy_cost=2,P71,IF(Energy_cost=1,P70,P72)) -> 0.81324312 | Q69: =IF(Energy_cost=2,Q71,IF(Energy_cost=1,Q70,Q72)) -> 0.80868234 | R69: =IF(Energy_cost=2,R71,IF(Energy_cost=1,R70,R72)) -> 0.80412156 | S69: =IF(Energy_cost=2,S71,IF(Energy_cost=1,S70,S72)) -> 0.79956078 | T69: =IF(Energy_cost=2,T71,IF(Energy_cost=1,T70,T72)) -> 0.795
B70: Conservative | O70: =K22 -> 0.83280391 | P70: =O70-(($O$70-$T$70)/($T$29-$O$29)) -> 0.82924312 | Q70: =P70-(($O$70-$T$70)/($T$29-$O$29)) -> 0.82568234 | R70: =Q70-(($O$70-$T$70)/($T$29-$O$29)) -> 0.82212156 | S70: =R70-(($O$70-$T$70)/($T$29-$O$29)) -> 0.81856078 | T70: =K23 -> 0.815
B71: Base | O71: =Q22 -> 0.81780391 | P71: =O71-(($O$71-$T$71)/($T$29-$O$29)) -> 0.81324312 | Q71: =P71-(($O$71-$T$71)/($T$29-$O$29)) -> 0.80868234 | R71: =Q71-(($O$71-$T$71)/($T$29-$O$29)) -> 0.80412156 | S71: =R71-(($O$71-$T$71)/($T$29-$O$29)) -> 0.79956078 | T71: =Q23 -> 0.795
B72: Optimistic | O72: =W22 -> 0.80280391 | P72: =O72-(($O$72-$T$72)/($T$29-$O$29)) -> 0.79724312 | Q72: =P72-(($O$72-$T$72)/($T$29-$O$29)) -> 0.79168234 | R72: =Q72-(($O$72-$T$72)/($T$29-$O$29)) -> 0.78612156 | S72: =R72-(($O$72-$T$72)/($T$29-$O$29)) -> 0.78056078 | T72: =W23 -> 0.775
B74: Total Costs & OpEx | E74: =E68+E62 -> 185263 | F74: =F68+F62 -> 214847 | G74: =G68+G62 -> 219214 | H74: =H68+H62 -> 225703 | I74: =I68+I62 -> 231289 | J74: =J68+J62 -> 243945 | K74: =K68+K62 -> 266629 | L74: =L68+L62 -> 321144 | ... T74: =T68+T62 -> 393546.05
B75: % margin | E75: =E74/E45 -> 0.91302141 | F75: =F74/F45 -> 0.94853931 | G75: =G74/G45 -> 0.91278695 | H75: =H74/H45 -> 0.91982508 | I75: =I74/I45 -> 0.97418477 | J75: =J74/J45 -> 0.90811119 | K75: =K74/K45 -> 0.91365745 | L75: =L74/L45 -> 0.92092751 | ... T75: =T74/T45 -> 0.92868396
A77: x | B77: EBIT | E77: =F77-365 -> 42735 | F77: =G77-365 -> 43100 | G77: =H77-365 -> 43465 | H77: =I77-366 -> 43830 | I77: =J77-365 -> 44196 | J77: 44561 | K77: =J77+365 -> 44926 | L77: =K77+365 -> 45291 | M77: =L77+365 -> 45656 | N77: =M77+365 -> 46021 | O77: =N77+365 -> 46386 | P77: =O77+365 -> 46751 | Q77: =P77+365 -> 47116 | R77: =Q77+365 -> 47481 | ... T77: =S77+365 -> 48211
B79: Insurance & Other | E79: =E33-E62 -> 8943 | F79: =F33-F62 -> 3001 | G79: =G33-G62 -> 11671 | H79: =H33-H62 -> 9859 | I79: =I33-I62 -> -3103 | J79: =J33-J62 -> 13701 | K79: =K33-K62 -> 14375 | L79: =L33-L62 -> 20034 | ... T79: =T33-T62 -> 18274.489
B80: % margin | E80: =E79/E33 -> 0.054078733 | F80: =F79/F33 -> 0.016085978 | G80: =G79/G33 -> 0.059398634 | H80: =H79/H33 -> 0.048825542 | I80: =I79/I33 -> -0.01585963 | J80: =J79/J33 -> 0.062133518 | K80: =K79/K33 -> 0.059976552 | L80: =L79/L33 -> 0.06701074 | ... T80: =T79/T33 -> 0.05
B81: % total EBIT | E81: =E79/E$90 -> 0.39970501 | F81: =F79/F$90 -> 0.17863095 | G81: =G79/G$90 -> 0.40774901 | H81: =H79/H$90 -> 0.34098848 | I81: =I79/I$90 -> -0.21819844 | J81: =J79/J$90 -> 0.42617189 | K81: =K79/K$90 -> 0.40538635 | L81: =L79/L$90 -> 0.46227329 | ... T81: =T79/T$90 -> 0.29794093
B83: Railroads, utilities and energy | E83: =E39-E68 -> 8706 | F83: =F39-F68 -> 8655 | G83: =G39-G68 -> 9274 | H83: =H39-H68 -> 9814 | I83: =I39-I68 -> 9232 | J83: =J39-J68 -> 10983 | K83: =K39-K68 -> 10822 | L83: =L39-L68 -> 7540 | ... T83: =T39-T68 -> 11946.928
B84: % margin | E84: =E83/E39 -> 0.23190027 | F84: =F83/F39 -> 0.21668377 | G84: =G83/G39 -> 0.21235088 | H84: =H83/H39 -> 0.22585322 | I84: =I83/I39 -> 0.22105162 | J84: =J83/J39 -> 0.2282419 | K84: =K83/K39 -> 0.20752076 | L84: =L83/L39 -> 0.15155474 | ... T84: =T83/T39 -> 0.205
B85: % total EBIT | E85: =E83/E$90 -> 0.38911236 | F85: =F83/F$90 -> 0.51517857 | G85: =G83/G$90 -> 0.32400517 | H85: =H83/H$90 -> 0.33943209 | I85: =I83/I$90 -> 0.64918079 | J85: =J83/J$90 -> 0.34162804 | K85: =K83/K$90 -> 0.30518895 | L85: =L83/L$90 -> 0.17398126 | ... T85: =T83/T$90 -> 0.19477857
B87: Interest and other investment income | E87: =E51 -> 4725 | F87: =F51 -> 5144 | G87: =G51 -> 7678 | H87: =H51 -> 9240 | I87: =I51 -> 8092 | J87: =J51 -> 7465 | K87: =K51 -> 10263 | L87: =L51 -> 15764 | ... T87: =T51 -> 31114.528
B88: % total EBIT | E88: =E87/E$90 -> 0.21118262 | F88: =F87/F$90 -> 0.30619048 | G88: =G87/G$90 -> 0.26824582 | H88: =H87/H$90 -> 0.31957943 | I88: =I87/I$90 -> 0.56901765 | J88: =J87/J$90 -> 0.23220007 | K88: =K87/K$90 -> 0.2894247 | L88: =L87/L$90 -> 0.36374544 | ... T88: =T87/T$90 -> 0.50728049
B90: Total EBIT | E90: =E87+E83+E79 -> 22374 | F90: =F87+F83+F79 -> 16800 | G90: =G87+G83+G79 -> 28623 | H90: =H87+H83+H79 -> 28913 | I90: =I87+I83+I79 -> 14221 | J90: =J87+J83+J79 -> 32149 | K90: =K87+K83+K79 -> 35460 | L90: =L87+L83+L79 -> 43338 | ... T90: =T87+T83+T79 -> 61335.944
B91: % margin | E91: =E90/E57 -> 0.10775536 | F91: =F90/F57 -> 0.072524142 | G91: =G90/G57 -> 0.11549123 | H91: =H90/H57 -> 0.11355531 | I91: =I90/I57 -> 0.057924321 | J91: =J90/J57 -> 0.11644223 | K91: =K90/K57 -> 0.11738263 | L91: =L90/L57 -> 0.11890299 | ... T91: =T90/T57 -> 0.13483924
B93: EBITDA Reconciliation
B94: EBIT | E94: =E90 -> 22374 | F94: =F90 -> 16800 | G94: =G90 -> 28623 | H94: =H90 -> 28913 | I94: =I90 -> 14221 | J94: =J90 -> 32149 | K94: =K90 -> 35460 | L94: =L90 -> 43338 | ... T94: =T90 -> 61335.944
B95: (+) D&A | E95: =E114 -> 8901 | F95: =F114 -> 9188 | G95: =G114 -> 9779 | H95: =H114 -> 10064 | I95: =I114 -> 10596 | J95: =J114 -> 10718 | K95: =K114 -> 10899 | L95: =L114 -> 12486 | ... T95: =T114 -> 15576.254
B96: EBITDA | E96: =SUM(E94:E95) -> 31275 | F96: =SUM(F94:F95) -> 25988 | G96: =SUM(G94:G95) -> 38402 | H96: =SUM(H94:H95) -> 38977 | I96: =SUM(I94:I95) -> 24817 | J96: =SUM(J94:J95) -> 42867 | K96: =SUM(K94:K95) -> 46359 | L96: =SUM(L94:L95) -> 55824 | ... T96: =SUM(T94:T95) -> 76912.199
B97: % of operating revenue | E97: =E96/E$45 -> 0.15413085 | F97: =F96/F$45 -> 0.11473579 | G97: =G96/G$45 -> 0.1599024 | H97: =H96/H$45 -> 0.15884602 | I97: =I96/I$45 -> 0.10452872 | J97: =J96/J$45 -> 0.15957696 | K97: =K96/K$45 -> 0.15885836 | L97: =L96/L$45 -> 0.16008351 | ... T97: =T96/T$45 -> 0.18149623
A99: x | B99: Taxes | E99: =F99-365 -> 42735 | F99: =G99-365 -> 43100 | G99: =H99-365 -> 43465 | H99: =I99-366 -> 43830 | I99: =J99-365 -> 44196 | J99: 44561 | K99: =J99+365 -> 44926 | L99: =K99+365 -> 45291 | M99: =L99+365 -> 45656 | N99: =M99+365 -> 46021 | O99: =N99+365 -> 46386 | P99: =O99+365 -> 46751 | Q99: =P99+365 -> 47116 | R99: =Q99+365 -> 47481 | ... T99: =S99+365 -> 48211
B101: Earnings Before Taxes | E101: ='IS - Annual'!C59 -> 33667 | F101: ='IS - Annual'!D59 -> 23838 | G101: ='IS - Annual'!E59 -> 4001 | H101: ='IS - Annual'!F59 -> 102696 | I101: ='IS - Annual'!G59 -> 55693 | J101: ='IS - Annual'!H59 -> 111686 | K101: ='IS - Annual'!I59 -> -30576 | L101: ='IS - Annual'!J59 -> 120166 | ... N101: ='IS - Annual'!L59 -> 82459
B102: Taxes | E102: ='IS - Annual'!C60 -> -9240 | F102: ='IS - Annual'!D60 -> 21515 | G102: ='IS - Annual'!E60 -> 321 | H102: ='IS - Annual'!F60 -> -20904 | I102: ='IS - Annual'!G60 -> -12440 | J102: ='IS - Annual'!H60 -> -20879 | K102: ='IS - Annual'!I60 -> 8518 | L102: ='IS - Annual'!J60 -> -23019 | ... N102: ='IS - Annual'!L60 -> -15199
B103: % tax rate | E103: =E102/E101 -> -0.27445273 | F103: =F102/F101 -> 0.90255055 | G103: =G102/G101 -> 0.080229943 | H103: =H102/H101 -> -0.20355223 | I103: =I102/I101 -> -0.22336739 | J103: =J102/J101 -> -0.18694375 | K103: =K102/K101 -> -0.27858451 | L103: =L102/L101 -> -0.19156001 | ... N103: =N102/N101 -> -0.18432191
A105: x | B105: Cash Flow Items | E105: =F105-365 -> 42735 | F105: =G105-365 -> 43100 | G105: =H105-365 -> 43465 | H105: =I105-366 -> 43830 | I105: =J105-365 -> 44196 | J105: 44561 | K105: =J105+365 -> 44926 | L105: =K105+365 -> 45291 | M105: =L105+365 -> 45656 | N105: =M105+365 -> 46021 | O105: =N105+365 -> 46386 | P105: =O105+365 -> 46751 | Q105: =P105+365 -> 47116 | R105: =Q105+365 -> 47481 | ... T105: =S105+365 -> 48211
B107: D&A
B108: Insurance & Other | E108: ='PP&E_D&A '!E25 -> 2954.5891 | F108: ='PP&E_D&A '!F25 -> 2790.1561 | G108: ='PP&E_D&A '!G25 -> 2934.774 | H108: ='PP&E_D&A '!H25 -> 3018.1359 | I108: ='PP&E_D&A '!I25 -> 3027.8015 | J108: ='PP&E_D&A '!J25 -> 2990.4097 | K108: ='PP&E_D&A '!K25 -> 2933.2061 | L108: ='PP&E_D&A '!L25 -> 3852.6861 | ... T108: ='PP&E_D&A '!T25 -> 5118.0685
B109: ='PP&E_D&A '!B27 -> % insurance & other revenue | E109: ='PP&E_D&A '!E27 -> 0.017866536 | F109: ='PP&E_D&A '!F27 -> 0.014955811 | G109: ='PP&E_D&A '!G27 -> 0.014936301 | H109: ='PP&E_D&A '!H27 -> 0.014946964 | I109: ='PP&E_D&A '!I27 -> 0.015475285 | J109: ='PP&E_D&A '!J27 -> 0.013561395 | K109: ='PP&E_D&A '!K27 -> 0.012238163 | L109: ='PP&E_D&A '!L27 -> 0.01288666 | ... T109: ='PP&E_D&A '!T27 -> 0.014003315
B111: Railroads, utilities and energy | E111: ='PP&E_D&A '!E29 -> 5946.4109 | F111: ='PP&E_D&A '!F29 -> 6397.8439 | G111: ='PP&E_D&A '!G29 -> 6844.226 | H111: ='PP&E_D&A '!H29 -> 7045.8641 | I111: ='PP&E_D&A '!I29 -> 7568.1985 | J111: ='PP&E_D&A '!J29 -> 7727.5903 | K111: ='PP&E_D&A '!K29 -> 7965.7939 | L111: ='PP&E_D&A '!L29 -> 8633.3139 | ... T111: ='PP&E_D&A '!T29 -> 10458.186
B112: ='PP&E_D&A '!B31 -> % railroads, utilities & energy revenue | E112: ='PP&E_D&A '!E31 -> 0.15839356 | F112: ='PP&E_D&A '!F31 -> 0.16017434 | G112: ='PP&E_D&A '!G31 -> 0.15671527 | H112: ='PP&E_D&A '!H31 -> 0.16214908 | I112: ='PP&E_D&A '!I31 -> 0.18121345 | J112: ='PP&E_D&A '!J31 -> 0.16058999 | K112: ='PP&E_D&A '!K31 -> 0.15275065 | L112: ='PP&E_D&A '!L31 -> 0.17353046 | ... T112: ='PP&E_D&A '!T31 -> 0.17945435
B114: Total D&A | E114: =E111+E108 -> 8901 | F114: =F111+F108 -> 9188 | G114: =G111+G108 -> 9779 | H114: =H111+H108 -> 10064 | I114: =I111+I108 -> 10596 | J114: =J111+J108 -> 10718 | K114: =K111+K108 -> 10899 | L114: =L111+L108 -> 12486 | ... T114: =T111+T108 -> 15576.254
B115: % of operating revenue | E115: =E114/E$45 -> 0.043866307 | F115: =F114/F45 -> 0.040564584 | G115: =G114/G45 -> 0.040718857 | H115: =H114/H45 -> 0.041014606 | I115: =I114/I45 -> 0.044630146 | J115: =J114/J45 -> 0.039898894 | K115: =K114/K45 -> 0.037347598 | L115: =L114/L45 -> 0.035805436 | M115: =M114/M45 -> 0.036769754 | ... T115: =T114/T45 -> 0.036756607
B117: CapEx
B118: Insurance & Other | E118: ='PP&E_D&A '!E52 -> 8408.4087 | F118: ='PP&E_D&A '!F52 -> 3961.2176 | G118: ='PP&E_D&A '!G52 -> 5169.0457 | H118: ='PP&E_D&A '!H52 -> 4772.87 | I118: ='PP&E_D&A '!I52 -> 1092.3772 | J118: ='PP&E_D&A '!J52 -> 1783.3154 | K118: ='PP&E_D&A '!K52 -> 3329.935 | L118: ='PP&E_D&A '!L52 -> 11025.793 | ... T118: ='PP&E_D&A '!T52 -> 6519.1417
B119: % insurance & other revenue | E119: ='PP&E_D&A '!E53 -> 0.050846034 | F119: ='PP&E_D&A '!F53 -> 0.021232942 | G119: ='PP&E_D&A '!G53 -> 0.026307451 | H119: ='PP&E_D&A '!H53 -> 0.02363708 | I119: ='PP&E_D&A '!I53 -> 0.005583209 | J119: ='PP&E_D&A '!J53 -> 0.0080872683 | K119: ='PP&E_D&A '!K53 -> 0.013893428 | L119: ='PP&E_D&A '!L53 -> 0.036879634 | ... T119: ='PP&E_D&A '!T53 -> 0.017836728
B121: Railroads, utilities and energy | E121: ='PP&E_D&A '!E58 -> 4545.5913 | F121: ='PP&E_D&A '!F58 -> 7746.7824 | G121: ='PP&E_D&A '!G58 -> 9367.9543 | H121: ='PP&E_D&A '!H58 -> 11206.13 | I121: ='PP&E_D&A '!I58 -> 11919.623 | J121: ='PP&E_D&A '!J58 -> 11492.685 | K121: ='PP&E_D&A '!K58 -> 12134.065 | L121: ='PP&E_D&A '!L58 -> 8383.2065 | ... T121: ='PP&E_D&A '!T58 -> 15899.611
B122: % railroads, utilities & energy revenue | E122: ='PP&E_D&A '!E59 -> 0.12108016 | F122: ='PP&E_D&A '!F59 -> 0.19394593 | G122: ='PP&E_D&A '!G59 -> 0.21450219 | H122: ='PP&E_D&A '!H59 -> 0.25789082 | I122: ='PP&E_D&A '!I59 -> 0.28540424 | J122: ='PP&E_D&A '!J59 -> 0.23883384 | K122: ='PP&E_D&A '!K59 -> 0.23268068 | L122: ='PP&E_D&A '!L59 -> 0.16850328 | ... T122: ='PP&E_D&A '!T59 -> 0.27282497
B124: Total CapEx | E124: =E121+E118 -> 12954 | F124: =F121+F118 -> 11708 | G124: =G121+G118 -> 14537 | H124: =H121+H118 -> 15979 | I124: =I121+I118 -> 13012 | J124: =J121+J118 -> 13276 | K124: =K121+K118 -> 15464 | L124: =L121+L118 -> 19409 | ... T124: =T121+T118 -> 22418.752
B125: % of operating revenue | E125: =E124/E$45 -> 0.063840483 | F125: =F124/F$45 -> 0.051690265 | G125: =G124/G$45 -> 0.060530732 | H125: =H124/H$45 -> 0.065120468 | I125: =I124/I$45 -> 0.054806291 | J125: =J124/J$45 -> 0.049421321 | K125: =K124/K$45 -> 0.052990481 | L125: =L124/L$45 -> 0.055658154 | ... T125: =T124/T$45 -> 0.052903429
B127: Changes in NWC
B128: =CFS!B22 -> Insurance reserve and float-related changes | E128: =CFS!C22 -> 4980 | F128: =CFS!D22 -> 19557 | G128: =CFS!E22 -> 6417 | H128: =CFS!F22 -> 8151 | I128: =CFS!G22 -> 7713 | J128: =CFS!H22 -> 8703 | K128: =CFS!I22 -> 6687 | L128: =CFS!J22 -> 4857 | ... N128: =CFS!L22 -> 4213 | O128: =O129*'IS - Annual'!M11 -> 4491.694 | P128: =P129*'IS - Annual'!N11 -> 4769.2105 | Q128: =Q129*'IS - Annual'!O11 -> 5063.8732 | R128: =R129*'IS - Annual'!P11 -> 5376.7415 | S128: =S129*'IS - Annual'!Q11 -> 5708.9401 | T128: =T129*'IS - Annual'!R11 -> 6061.6634
B129: % of insurance premiums earned | E129: =E128/'IS - Annual'!C11 -> 0.10854166 | F129: =F128/'IS - Annual'!D11 -> 0.32273875 | G129: =G128/'IS - Annual'!E11 -> 0.11175938 | H129: =H128/'IS - Annual'!F11 -> 0.13345231 | I129: =I128/'IS - Annual'!G11 -> 0.12165423 | J129: =J128/'IS - Annual'!H11 -> 0.12526267 | K129: =K128/'IS - Annual'!I11 -> 0.089584031 | L129: =L128/'IS - Annual'!J11 -> 0.058235315 | ... N129: =N128/'IS - Annual'!L11 -> 0.04738926 | O129: =AVERAGE(L129:N129) -> 0.047471619 | P129: =O129 -> 0.047471619 | Q129: =P129 -> 0.047471619 | R129: =Q129 -> 0.047471619 | S129: =R129 -> 0.047471619 | T129: =S129 -> 0.047471619
B131: =CFS!B30 -> Other WC changes | E131: =CFS!C30 -> 1941 | F131: =CFS!D30 -> -27370 | G131: =CFS!E30 -> -8230 | H131: =CFS!F30 -> 11057 | I131: =CFS!G30 -> 7853 | J131: =CFS!H30 -> 10166 | K131: =CFS!I30 -> -21603 | L131: =CFS!J30 -> 15584 | ... N131: =CFS!L30 -> -1858 | O131: =O132*O$57 -> 1192.751 | P131: =P132*P$57 -> 1242.6811 | Q131: =Q132*Q$57 -> 1288.5175 | R131: =R132*R$57 -> 1329.6342 | S131: =S132*S$57 -> 1365.4606 | T131: =T132*T$57 -> 1395.4971
B132: % total revenue | E132: =E131/E$57 -> 0.0093480449 | F132: =F131/F$57 -> -0.11815392 | G132: =G131/G$57 -> -0.03320731 | H132: =H131/H$57 -> 0.043426179 | I132: =I131/I$57 -> 0.031986477 | J132: =J131/J$57 -> 0.036820793 | K132: =K131/K$57 -> -0.071512038 | L132: =L131/L$57 -> 0.04275657 | ... N132: =N131/N$57 -> -0.0050020999 | O132: =AVERAGE(G132:N132,E132) -> 0.0030678222 | P132: =O132 -> 0.0030678222 | Q132: =P132 -> 0.0030678222 | R132: =Q132 -> 0.0030678222 | S132: =R132 -> 0.0030678222 | T132: =S132 -> 0.0030678222
B134: Change in Net Working Capital | E134: =SUM(E131+E128) -> 6921 | F134: =SUM(F131+F128) -> -7813 | G134: =SUM(G131+G128) -> -1813 | H134: =SUM(H131+H128) -> 19208 | I134: =SUM(I131+I128) -> 15566 | J134: =SUM(J131+J128) -> 18869 | K134: =SUM(K131+K128) -> -14916 | L134: =SUM(L131+L128) -> 20441 | ... T134: =SUM(T131+T128) -> 7457.1605
...

Sheet WACC
B2: WACC
A4: x | B4: Segment Name | C4: Segment Weight | D4: Comp. Name | F4: Tax Rate | G4: Debt/Equity | H4: Levered Beta | I4: Unlevered Beta
B6: Insurance | C6: 0.45 | D6: Chubb | F6: 0.21 | G6: 0.2619 | H6: 0.42 | I6: =H6/(1+(1-F6)*G6) -> 0.34799872
D7: Travelers | F7: 0.21 | G7: 0.2883 | H7: 0.5 | I7: =H7/(1+(1-F7)*G7) -> 0.40724671
D8: Hartford | F8: 0.21 | G8: 0.2655 | H8: 0.47 | I8: =H8/(1+(1-F8)*G8) -> 0.38851163
D9: Progressive | F9: 0.21 | G9: 0.2694 | H9: 0.27 | I9: =H9/(1+(1-F9)*G9) -> 0.22262056
B10: Median | G10: =MEDIAN(G6:G9) -> 0.26745 | H10: =MEDIAN(H6:H9) -> 0.445 | I10: =MEDIAN(I6:I9) -> 0.36825517
B12: Railroad | C12: 0.2 | D12: Union Pacific | F12: 0.21 | G12: 1.7227 | H12: 0.97 | I12: =H12/(1+(1-F12)*G12) -> 0.41085452
D13: Norfolk Southern | F13: 0.21 | G13: 1.2027 | H13: 1.27 | I13: =H13/(1+(1-F13)*G13) -> 0.65123763
D14: CSX | F14: 0.21 | G14: 1.4794 | H14: 1.22 | I14: =H14/(1+(1-F14)*G14) -> 0.56254225
B15: Median | G15: =MEDIAN(G12:G14) -> 1.4794 | H15: =MEDIAN(H12:H14) -> 1.22 | I15: =MEDIAN(I12:I14) -> 0.56254225
B17: Utilities & Energy | C17: 0.12 | D17: NextEra | F17: 0.21 | G17: 1.3618 | H17: 0.67 | I17: =H17/(1+(1-F17)*G17) -> 0.32276371
D18: Duke | F18: 0.21 | G18: 1.6442 | H18: 0.38 | I18: =H18/(1+(1-F18)*G18) -> 0.16529515
D19: Southern Company | F19: 0.21 | G19: 1.7676 | H19: 0.34 | I19: =H19/(1+(1-F19)*G19) -> 0.14187925
B20: Median | G20: =MEDIAN(G17:G19) -> 1.6442 | H20: =MEDIAN(H17:H19) -> 0.38 | I20: =MEDIAN(I17:I19) -> 0.16529515
B22: Manufacturing & Retail | C22: 0.23 | D22: Honeywell | F22: 0.21 | G22: 1.6236 | H22: 0.84 | I22: =H22/(1+(1-F22)*G22) -> 0.36799431
D23: Parker Hannifin | F23: 0.21 | G23: 0.6782 | H23: 1.14 | I23: =H23/(1+(1-F23)*G23) -> 0.74229478
D24: Illinois Tool Works | F24: 0.21 | G24: 2.3705 | H24: 1.03 | I24: =H24/(1+(1-F24)*G24) -> 0.35854833
B25: Median | G25: =MEDIAN(G22:G24) -> 1.6236 | H25: =MEDIAN(H22:H24) -> 1.03 | I25: =MEDIAN(I22:I24) -> 0.36799431
B27: Weighted Average Unlevered Beta | I27: =(I10*C6)+(I15*C12)+(I20*C17)+(I25*C22) -> 0.38269739
A29: x | B29: Berkshire Hathaway Capital Structure
B31: Total Debt | I31: =45763+83318 -> 129081
B32: Debt Weight | I32: =I31/$I$37 -> 0.1089282
B34: Total Equity | I34: =('IS - Annual'!L73*1500)*DCF!I5 -> 1055928.9
B35: Equity Weight | I35: =I34/$I$37 -> 0.8910718
B37: Total Capital | I37: =I34+I31 -> 1185009.9
B39: Debt to Equity | I39: =I31/I34 -> 0.12224402
A41: x | B41: WACC Calculation
B43: Cost of Equity | I43: =I46+(I45*I44) -> 0.064116637
B44: Equity Risk Premium | I44: 0.0446
B45: Levered Beta | I45: =I27*(1+(1-F22)*I39) -> 0.41965554
B46: Risk Free Rate | I46: 0.0454
B48: Cost of Debt | I48: =I49*(1-I50) -> 0.031023233
B49: Pre-Tax Cost of Debt | I49: =-('IS - Annual'!L51+'IS - Annual'!L45)/WACC!I31 -> 0.039269916
B50: Tax Rate | I50: =DCF!E26 -> 0.21
B52: Debt Weight | I52: =I32 -> 0.1089282
B53: Cost Of Debt | I53: =I48 -> 0.031023233
B55: Equity Weight | I55: =I35 -> 0.8910718
B56: Cost of Equity | I56: =I43 -> 0.064116637
A58: x | B58: WACC | I58: =(I55*I56)+(I52*I53) -> 0.060511832 | K58: Sensitivity Table
L59: Risk Free Rate
L60: =I58 -> 0.060511832 | M60: =N60+0.5% -> 0.0554 | N60: =O60+0.5% -> 0.0504 | O60: 0.0454 | P60: =O60-0.5% -> 0.0404 | Q60: =P60-0.5% -> 0.0354
L61: =L62+0.1 -> 0.61965554 | M61: 0.07737091 | N61: 0.072915551 | O61: 0.068460192 | P61: 0.064004833 | Q61: 0.059549474
L62: =L63+0.1 -> 0.51965554 | M62: 0.07339673 | N62: 0.068941371 | O62: 0.064486012 | P62: 0.060030653 | Q62: 0.055575294
K63: Beta | L63: 0.41965554 | M63: 0.06942255 | N63: 0.064967191 | O63: 0.060511832 | P63: 0.056056473 | Q63: 0.051601114
L64: =L63-0.1 -> 0.31965554 | M64: 0.06544837 | N64: 0.060993011 | O64: 0.056537652 | P64: 0.052082293 | Q64: 0.047626934
L65: =L64-0.1 -> 0.21965554 | M65: 0.06147419 | N65: 0.057018831 | O65: 0.052563472 | P65: 0.048108113 | Q65: 0.043652754

Sheet PP&E_D&A 
A2: x | B2: Depreciation & Amortization Breakdown | E2: =F2-365 -> 42735 | F2: =G2-365 -> 43100 | G2: =H2-365 -> 43465 | H2: =I2-366 -> 43830 | I2: =J2-365 -> 44196 | J2: 44561 | K2: =J2+365 -> 44926 | L2: =K2+365 -> 45291 | M2: =L2+365 -> 45656 | N2: =M2+365 -> 46021 | O2: =N2+365 -> 46386 | P2: =O2+365 -> 46751 | Q2: =P2+365 -> 47116 | R2: =Q2+365 -> 47481 | ... T2: =S2+365 -> 48211
B4: Depreciation Expense
B5: Insurance & Other | E5: 2460 | F5: 2116 | G5: 2186 | H5: 2269 | I5: 2320 | J5: 2318 | K5: 2276 | L5: 2898 | M5: 3117 | N5: 3245 | O5: =O6*O$11 -> 3200.6342 | P5: =P6*P$11 -> 3350.7187 | Q5: =Q6*Q$11 -> 3477.0399 | R5: =R6*R$11 -> 3543.6808 | S5: =S6*S$11 -> 3639.6756 | T5: =T6*T$11 -> 3714.362
B6: % total depreciation | E6: =E5/E$11 -> 0.33193901 | F6: =F5/F$11 -> 0.30367394 | G6: =G5/G$11 -> 0.30010983 | H6: =H5/H$11 -> 0.29989426 | I6: =I5/I$11 -> 0.28574948 | J6: =J5/J$11 -> 0.27900818 | K6: =K5/K$11 -> 0.26912617 | L6: =L5/L$11 -> 0.30856048 | ... N6: =N5/N$11 -> 0.31983048 | O6: =AVERAGE(L6:N6) -> 0.31734445 | P6: =O6 -> 0.31734445 | Q6: =P6 -> 0.31734445 | R6: =Q6 -> 0.31734445 | S6: =R6 -> 0.31734445 | T6: =S6 -> 0.31734445
B8: Railroads, Utilities & Energy | E8: 4951 | F8: 4852 | G8: 5098 | H8: 5297 | I8: 5799 | J8: 5990 | K8: 6181 | L8: 6494 | M8: 6514 | N8: 6901 | O8: =O9*O$11 -> 6885.0446 | P8: =P9*P$11 -> 7176.9833 | Q8: =Q9*Q$11 -> 7459.8615 | R8: =R9*R$11 -> 7605.3733 | S8: =S9*S$11 -> 7805.3642 | T8: =T9*T$11 -> 7968.748
B9: % total depreciation | E9: =E8/E$11 -> 0.66806099 | F9: =F8/F$11 -> 0.69632606 | G9: =G8/G$11 -> 0.69989017 | H9: =H8/H$11 -> 0.70010574 | I9: =I8/I$11 -> 0.71425052 | J9: =J8/J$11 -> 0.72099182 | K9: =K8/K$11 -> 0.73087383 | L9: =L8/L$11 -> 0.69143952 | ... N9: =N8/N$11 -> 0.68016952 | O9: =AVERAGE(L9:N9) -> 0.68265555 | P9: =AVERAGE(M9:O9) -> 0.67972756 | Q9: =AVERAGE(N9:P9) -> 0.68085088 | R9: =AVERAGE(O9:Q9) -> 0.68107799 | S9: =AVERAGE(P9:R9) -> 0.68055214 | T9: =AVERAGE(Q9:S9) -> 0.680827
B11: Total Depreciation | E11: =E8+E5 -> 7411 | F11: =F8+F5 -> 6968 | G11: =G8+G5 -> 7284 | H11: =H8+H5 -> 7566 | I11: =I8+I5 -> 8119 | J11: =J8+J5 -> 8308 | K11: =K8+K5 -> 8457 | L11: =L8+L5 -> 9392 | ... N11: =N8+N5 -> 10146 | O11: =O12*O$33 -> 10085.679 | P11: =P12*P$33 -> 10558.618 | Q11: =Q12*Q$33 -> 10956.675 | R11: =R12*R$33 -> 11166.67 | S11: =S12*S$33 -> 11469.164 | T11: =T12*T$33 -> 11704.512
B12: % total D&A | E12: =E11/E$33 -> 0.83260308 | F12: =F11/F$33 -> 0.7583805 | G12: =G11/G$33 -> 0.74486144 | H12: =H11/H$33 -> 0.75178855 | I12: =I11/I$33 -> 0.76623254 | J12: =J11/J$33 -> 0.77514462 | K12: =K11/K$33 -> 0.77594275 | L12: =L11/L$33 -> 0.75220247 | ... N12: =N11/N$33 -> 0.75289403 | O12: =AVERAGE(L12:N12) -> 0.75143305 | P12: =O12 -> 0.75143305 | Q12: =P12 -> 0.75143305 | R12: =Q12 -> 0.75143305 | S12: =R12 -> 0.75143305 | T12: =S12 -> 0.75143305
B14: Amortization Expense
B15: Insurance & Other | E15: =E16*E$21 -> 494.58912 | F15: =F16*F$21 -> 674.15614 | G15: =G16*G$21 -> 748.77403 | H15: =H16*H$21 -> 749.13587 | I15: =I16*I$21 -> 707.80145 | J15: =J16*J$21 -> 672.40973 | K15: =K16*K$21 -> 657.2061 | L15: =L16*L$21 -> 954.68612 | ... T15: =T16*T$21 -> 1161.6525
B16: % total amortization | E16: =E6 -> 0.33193901 | F16: =F6 -> 0.30367394 | G16: =G6 -> 0.30010983 | H16: =H6 -> 0.29989426 | I16: =I6 -> 0.28574948 | J16: =J6 -> 0.27900818 | K16: =K6 -> 0.26912617 | L16: =L6 -> 0.30856048 | ... N16: =N6 -> 0.31983048 | O16: =AVERAGE(J16:N16) -> 0.30003354 | P16: =O16 -> 0.30003354 | Q16: =P16 -> 0.30003354 | R16: =Q16 -> 0.30003354 | S16: =R16 -> 0.30003354 | T16: =S16 -> 0.30003354
B18: Railroads, Utilities & Energy | E18: =E19*E$21 -> 995.41088 | F18: =F19*F$21 -> 1545.8439 | G18: =G19*G$21 -> 1746.226 | H18: =H19*H$21 -> 1748.8641 | I18: =I19*I$21 -> 1769.1985 | J18: =J19*J$21 -> 1737.5903 | K18: =K19*K$21 -> 1784.7939 | L18: =L19*L$21 -> 2139.3139 | ... T18: =T19*T$21 -> 2710.0896
B19: % total amortization | E19: =E9 -> 0.66806099 | F19: =F9 -> 0.69632606 | G19: =G9 -> 0.69989017 | H19: =H9 -> 0.70010574 | I19: =I9 -> 0.71425052 | J19: =J9 -> 0.72099182 | K19: =K9 -> 0.73087383 | L19: =L9 -> 0.69143952 | ... N19: =N9 -> 0.68016952 | O19: =AVERAGE(J19:N19) -> 0.69996646 | P19: =O19 -> 0.69996646 | Q19: =P19 -> 0.69996646 | R19: =Q19 -> 0.69996646 | S19: =R19 -> 0.69996646 | T19: =S19 -> 0.69996646
B21: Total Amortization | E21: =E33-E11 -> 1490 | F21: =F33-F11 -> 2220 | G21: =G33-G11 -> 2495 | H21: =H33-H11 -> 2498 | I21: =I33-I11 -> 2477 | J21: =J33-J11 -> 2410 | K21: =K33-K11 -> 2442 | L21: =L33-L11 -> 3094 | ... N21: =N33-N11 -> 3330 | O21: =O22*O$33 -> 3336.2472 | P21: =P22*P$33 -> 3492.6909 | Q21: =Q22*Q$33 -> 3624.3644 | R21: =R22*R$33 -> 3693.829 | S21: =S22*S$33 -> 3793.8911 | T21: =T22*T$33 -> 3871.7421
B22: % total D&A | E22: =E21/E$33 -> 0.16739692 | F22: =F21/F$33 -> 0.2416195 | G22: =G21/G$33 -> 0.25513856 | H22: =H21/H$33 -> 0.24821145 | I22: =I21/I$33 -> 0.23376746 | J22: =J21/J$33 -> 0.22485538 | K22: =K21/K$33 -> 0.22405725 | L22: =L21/L$33 -> 0.24779753 | ... N22: =N21/N$33 -> 0.24710597 | O22: =AVERAGE(L22:N22) -> 0.24856695 | P22: =O22 -> 0.24856695 | Q22: =P22 -> 0.24856695 | R22: =Q22 -> 0.24856695 | S22: =R22 -> 0.24856695 | T22: =S22 -> 0.24856695
B24: Total D&A
B25: Insurance & Other | E25: =E15+E5 -> 2954.5891 | F25: =F15+F5 -> 2790.1561 | G25: =G15+G5 -> 2934.774 | H25: =H15+H5 -> 3018.1359 | I25: =I15+I5 -> 3027.8015 | J25: =J15+J5 -> 2990.4097 | K25: =K15+K5 -> 2933.2061 | L25: =L15+L5 -> 3852.6861 | ... N25: =N15+N5 -> 4310.0355 | O25: =O27*DCF!O33 -> 4299.2202 | P25: =P27*DCF!P33 -> 4576.4825 | Q25: =Q27*DCF!Q33 -> 4762.943 | R25: =R27*DCF!R33 -> 4869.1832 | S25: =S27*DCF!S33 -> 5018.973 | T25: =T27*DCF!T33 -> 5118.0685
B26: % total D&A | E26: =E25/E$33 -> 0.33193901 | F26: =F25/F$33 -> 0.30367394 | G26: =G25/G$33 -> 0.30010983 | H26: =H25/H$33 -> 0.29989426 | I26: =I25/I$33 -> 0.28574948 | J26: =J25/J$33 -> 0.27900818 | K26: =K25/K$33 -> 0.26912617 | L26: =L25/L$33 -> 0.30856048 | ... T26: =T25/T$33 -> 0.32858147
B27: % insurance & other revenue | E27: =E25/DCF!E$33 -> 0.017866536 | F27: =F25/DCF!F$33 -> 0.014955811 | G27: =G25/DCF!G$33 -> 0.014936301 | H27: =H25/DCF!H$33 -> 0.014946964 | I27: =I25/DCF!I$33 -> 0.015475285 | J27: =J25/DCF!J$33 -> 0.013561395 | K27: =K25/DCF!K$33 -> 0.012238163 | L27: =L25/DCF!L$33 -> 0.01288666 | ... N27: =N25/DCF!N$33 -> 0.014440915 | O27: =AVERAGE(L27:N27) -> 0.01373469 | P27: =AVERAGE(M27:O27) -> 0.014017367 | Q27: =AVERAGE(N27:P27) -> 0.014064324 | R27: =AVERAGE(O27:Q27) -> 0.013938794 | S27: =AVERAGE(P27:R27) -> 0.014006828 | T27: =AVERAGE(Q27:S27) -> 0.014003315
B29: Railroads, Utilities & Energy | E29: =E18+E8 -> 5946.4109 | F29: =F18+F8 -> 6397.8439 | G29: =G18+G8 -> 6844.226 | H29: =H18+H8 -> 7045.8641 | I29: =I18+I8 -> 7568.1985 | J29: =J18+J8 -> 7727.5903 | K29: =K18+K8 -> 7965.7939 | L29: =L18+L8 -> 8633.3139 | ... N29: =N18+N8 -> 9165.9645 | O29: =O31*DCF!O39 -> 9122.7058 | P29: =P31*DCF!P39 -> 9474.826 | Q29: =Q31*DCF!Q39 -> 9818.096 | R29: =R31*DCF!R39 -> 9991.3159 | S29: =S31*DCF!S39 -> 10244.082 | T29: =T31*DCF!T39 -> 10458.186
B30: % total D&A | E30: =E29/E$33 -> 0.66806099 | F30: =F29/F$33 -> 0.69632606 | G30: =G29/G$33 -> 0.69989017 | H30: =H29/H$33 -> 0.70010574 | I30: =I29/I$33 -> 0.71425052 | J30: =J29/J$33 -> 0.72099182 | K30: =K29/K$33 -> 0.73087383 | L30: =L29/L$33 -> 0.69143952 | ... T30: =T29/T$33 -> 0.67141853
B31: % railroads, utilities & energy revenue | E31: =E29/DCF!E39 -> 0.15839356 | F31: =F29/DCF!F39 -> 0.16017434 | G31: =G29/DCF!G39 -> 0.15671527 | H31: =H29/DCF!H39 -> 0.16214908 | I31: =I29/DCF!I39 -> 0.18121345 | J31: =J29/DCF!J39 -> 0.16058999 | K31: =K29/DCF!K39 -> 0.15275065 | L31: =L29/DCF!L39 -> 0.17353046 | ... N31: =N29/DCF!N39 -> 0.18434054 | O31: =AVERAGE(L31:N31) -> 0.17749865 | P31: =AVERAGE(M31:O31) -> 0.17882138 | Q31: =AVERAGE(N31:P31) -> 0.18022019 | R31: =AVERAGE(O31:Q31) -> 0.17884674 | S31: =AVERAGE(P31:R31) -> 0.17929611 | T31: =AVERAGE(Q31:S31) -> 0.17945435
A33: x | B33: Total Depreciation & Amortization | E33: =CFS!C15 -> 8901 | F33: =CFS!D15 -> 9188 | G33: =CFS!E15 -> 9779 | H33: =CFS!F15 -> 10064 | I33: =CFS!G15 -> 10596 | J33: =CFS!H15 -> 10718 | K33: =CFS!I15 -> 10899 | L33: =CFS!J15 -> 12486 | ... N33: =CFS!L15 -> 13476 | O33: =O29+O25 -> 13421.926 | P33: =P29+P25 -> 14051.309 | Q33: =Q29+Q25 -> 14581.039 | R33: =R29+R25 -> 14860.499 | S33: =S29+S25 -> 15263.055 | T33: =T29+T25 -> 15576.254
A35: x | B35: CapEx Breakdown | E35: =F35-365 -> 42735 | F35: =G35-365 -> 43100 | G35: =H35-365 -> 43465 | H35: =I35-366 -> 43830 | I35: =J35-365 -> 44196 | J35: 44561 | K35: =J35+365 -> 44926 | L35: =K35+365 -> 45291 | M35: =L35+365 -> 45656 | N35: =M35+365 -> 46021 | O35: =N35+365 -> 46386 | P35: =O35+365 -> 46751 | Q35: =P35+365 -> 47116 | R35: =Q35+365 -> 47481 | ... T35: =S35+365 -> 48211
B37: Insurance & Other
B38: Beginning Gross PP&E | E38: 29617 | F38: =E40 -> 35011 | G38: =F40 -> 37424 | H38: =G40 -> 39827 | I38: =H40 -> 42210 | J38: =I40 -> 43817 | K38: =J40 -> 44773 | L38: =K40 -> 46298 | M38: =L40 -> 57313 | N38: =M40 -> 58711
B39: (+) CapEx | E39: =E40-E38 -> 5394 | F39: =F40-F38 -> 2413 | G39: =G40-G38 -> 2403 | H39: =H40-H38 -> 2383 | I39: =I40-I38 -> 1607 | J39: =J40-J38 -> 956 | K39: =K40-K38 -> 1525 | L39: =L40-L38 -> 11015 | ... N39: =N40-N38 -> 4268
B40: Ending Gross PP&E | E40: 35011 | F40: 37424 | G40: 39827 | H40: 42210 | I40: 43817 | J40: 44773 | K40: 46298 | L40: 57313 | M40: 58711 | N40: 62979
B42: Railroads, Utilities & Energy
B43: Beginning Gross PP&E | E43: 84256 | F43: =E45 -> 87172 | G43: =F45 -> 91891 | H43: =G45 -> 96246 | I43: =H45 -> 101841 | J43: =I45 -> 119376 | K43: =J45 -> 125537 | L43: =K45 -> 131094 | M43: =L45 -> 139469 | N43: =M45 -> 146885
B44: (+) CapEx | E44: =E45-E43 -> 2916 | F44: =F45-F43 -> 4719 | G44: =G45-G43 -> 4355 | H44: =H45-H43 -> 5595 | I44: =I45-I43 -> 17535 | J44: =J45-J43 -> 6161 | K44: =K45-K43 -> 5557 | L44: =L45-L43 -> 8375 | ... N44: =N45-N43 -> 10485
B45: Ending Gross PP&E | E45: 87172 | F45: 91891 | G45: 96246 | H45: 101841 | I45: 119376 | J45: 125537 | K45: 131094 | L45: 139469 | M45: 146885 | N45: 157370
B48: CapEx
B49: Insurance & Other (partial) | E49: =E39 -> 5394 | F49: =F39 -> 2413 | G49: =G39 -> 2403 | H49: =H39 -> 2383 | I49: =I39 -> 1607 | J49: =J39 -> 956 | K49: =K39 -> 1525 | L49: =L39 -> 11015 | ... N49: =N39 -> 4268
B50: % total CapEx (partial) | E50: =E49/E$61 -> 0.64909747 | F50: =F49/F$61 -> 0.33833427 | G50: =G49/G$61 -> 0.35557857 | H50: =H49/H$61 -> 0.29869642 | I50: =I49/I$61 -> 0.08395152 | J50: =J49/J$61 -> 0.13432626 | K50: =K49/K$61 -> 0.21533465 | L50: =L49/L$61 -> 0.56807633 | ... N50: =N49/N$61 -> 0.28929709
B52: Insurance & Other (actual) | E52: =E50*E$63 -> 8408.4087 | F52: =F50*F$63 -> 3961.2176 | G52: =G50*G$63 -> 5169.0457 | H52: =H50*H$63 -> 4772.87 | I52: =I50*I$63 -> 1092.3772 | J52: =J50*J$63 -> 1783.3154 | K52: =K50*K$63 -> 3329.935 | L52: =L50*L$63 -> 11025.793 | ... N52: =N50*N$63 -> 6054.1202 | O52: =O53*DCF!O33 -> 5583.2365 | P52: =P53*DCF!P33 -> 5823.4528 | Q52: =Q53*DCF!Q33 -> 6040.4837 | R52: =R53*DCF!R33 -> 6230.8332 | S52: =S53*DCF!S33 -> 6391.3154 | T52: =T53*DCF!T33 -> 6519.1417
B53: % insurance & other revenue | E53: =E52/DCF!E33 -> 0.050846034 | F53: =F52/DCF!F33 -> 0.021232942 | G53: =G52/DCF!G33 -> 0.026307451 | H53: =H52/DCF!H33 -> 0.02363708 | I53: =I52/DCF!I33 -> 0.005583209 | J53: =J52/DCF!J33 -> 0.0080872683 | K53: =K52/DCF!K33 -> 0.013893428 | L53: =L52/DCF!L33 -> 0.036879634 | ... N53: =N52/DCF!N33 -> 0.020284528 | O53: =AVERAGE(J53:N53) -> 0.017836728 | P53: =O53 -> 0.017836728 | Q53: =P53 -> 0.017836728 | R53: =Q53 -> 0.017836728 | S53: =R53 -> 0.017836728 | T53: =S53 -> 0.017836728
B55: Railroads, Utilities & Energy (partial) | E55: =E44 -> 2916 | F55: =F44 -> 4719 | G55: =G44 -> 4355 | H55: =H44 -> 5595 | I55: =I44 -> 17535 | J55: =J44 -> 6161 | K55: =K44 -> 5557 | L55: =L44 -> 8375 | ... N55: =N44 -> 10485
B56: % total CapEx (partial) | E56: =E55/E$61 -> 0.35090253 | F56: =F55/F$61 -> 0.66166573 | G56: =G55/G$61 -> 0.64442143 | H56: =H55/H$61 -> 0.70130358 | I56: =I55/I$61 -> 0.91604848 | J56: =J55/J$61 -> 0.86567374 | K56: =K55/K$61 -> 0.78466535 | L56: =L55/L$61 -> 0.43192367 | ... N56: =N55/N$61 -> 0.71070291
B58: Railroads, Utilities & Energy (actual) | E58: =E56*E$63 -> 4545.5913 | F58: =F56*F$63 -> 7746.7824 | G58: =G56*G$63 -> 9367.9543 | H58: =H56*H$63 -> 11206.13 | I58: =I56*I$63 -> 11919.623 | J58: =J56*J$63 -> 11492.685 | K58: =K56*K$63 -> 12134.065 | L58: =L56*L$63 -> 8383.2065 | ... N58: =N56*N$63 -> 14872.88 | O58: =O59*DCF!O39 -> 14022.089 | P58: =P59*DCF!P39 -> 14455.593 | Q58: =Q59*DCF!Q39 -> 14863.05 | R58: =R59*DCF!R39 -> 15241.432 | S58: =S59*DCF!S39 -> 15587.853 | T58: =T59*DCF!T39 -> 15899.611
B59: % railroads, utilities & energy revenue | E59: =E58/DCF!E39 -> 0.12108016 | F59: =F58/DCF!F39 -> 0.19394593 | G59: =G58/DCF!G39 -> 0.21450219 | H59: =H58/DCF!H39 -> 0.25789082 | I59: =I58/DCF!I39 -> 0.28540424 | J59: =J58/DCF!J39 -> 0.23883384 | K59: =K58/DCF!K39 -> 0.23268068 | L59: =L58/DCF!L39 -> 0.16850328 | ... N59: =N58/DCF!N39 -> 0.29911469 | O59: =AVERAGE(M59:N59,J59:K59) -> 0.27282497 | P59: =O59 -> 0.27282497 | Q59: =P59 -> 0.27282497 | R59: =Q59 -> 0.27282497 | S59: =R59 -> 0.27282497 | T59: =S59 -> 0.27282497
B61: Total CapEx (partial) [for reference] | E61: =E55+E49 -> 8310 | F61: =F55+F49 -> 7132 | G61: =G55+G49 -> 6758 | H61: =H55+H49 -> 7978 | I61: =I55+I49 -> 19142 | J61: =J55+J49 -> 7117 | K61: =K55+K49 -> 7082 | L61: =L55+L49 -> 19390 | ... N61: =N55+N49 -> 14753
A63: x | B63: Total CapEx (Actual) | E63: =-CFS!C41 -> 12954 | F63: =-CFS!D41 -> 11708 | G63: =-CFS!E41 -> 14537 | H63: =-CFS!F41 -> 15979 | I63: =-CFS!G41 -> 13012 | J63: =-CFS!H41 -> 13276 | K63: =-CFS!I41 -> 15464 | L63: =-CFS!J41 -> 19409 | ... N63: =-CFS!L41 -> 20927 | O63: =O64*DCF!O45 -> 20654.987 | P63: =P64*DCF!P45 -> 21508.384 | Q63: =Q64*DCF!Q45 -> 22282.694 | R63: =R64*DCF!R45 -> 22966.178 | S63: =S64*DCF!S45 -> 23548.113 | T63: =T64*DCF!T45 -> 24019.075
B64: % total operating revenue | E64: =E63/DCF!E45 -> 0.063840483 | F64: =F63/DCF!F45 -> 0.051690265 | G64: =G63/DCF!G45 -> 0.060530732 | H64: =H63/DCF!H45 -> 0.065120468 | I64: =I63/DCF!I45 -> 0.054806291 | J64: =J63/DCF!J45 -> 0.049421321 | K64: =K63/DCF!K45 -> 0.052990481 | L64: =L63/DCF!L45 -> 0.055658154 | ... N64: =N63/DCF!N45 -> 0.060103451 | O64: =AVERAGE(L64:N64) -> 0.056679846 | P64: =O64 -> 0.056679846 | Q64: =P64 -> 0.056679846 | R64: =Q64 -> 0.056679846 | S64: =R64 -> 0.056679846 | T64: =S64 -> 0.056679846

Sheet IS - Annual
B1: Berkshire Hathaway Inc. Class B (BRK.B)
B5: Berkshire Hathaway Inc. Class B | C5: 42735 | D5: =C5+365 -> 43100 | E5: =D5+365 -> 43465 | F5: =E5+365 -> 43830 | G5: =F5+366 -> 44196 | H5: =G5+365 -> 44561 | I5: =H5+365 -> 44926 | J5: =I5+365 -> 45291 | K5: =J5+366 -> 45657 | L5: =K5+365 -> 46022
B6: BRK.B 084670702 2073390 NYSE Common stock
B9: Total revenues | C9: 223604 | D9: 242137 | E9: 247837 | F9: 254616 | G9: 245510 | H9: 276094 | I9: 302089 | J9: 364482 | K9: 371433 | L9: 371444
B10: Total insurance and other | C10: 175223 | D10: 192906 | E10: 204164 | F10: 211163 | G10: 203746 | H10: 227974 | I10: 249940 | J10: 314731 | K10: 321643 | L10: 321721
B11: Insurance premiums earned - | C11: 45881 | D11: 60597 | E11: 57418 | F11: 61078 | G11: 63401 | H11: 69478 | I11: 74645 | J11: 83403 | K11: 88257 | L11: 88902 | M11: =L11*(1+M12) -> 94618.512 | N11: =M11*(1+N12) -> 100464.46 | O11: =N11*(1+O12) -> 106671.59 | P11: =O11*(1+P12) -> 113262.23 | Q11: =P11*(1+Q12) -> 120260.07 | R11: =Q11*(1+R12) -> 127690.26
A12: x | B12: % growth | D12: =D11/C11-1 -> 0.32074279 | E12: =E11/D11-1 -> -0.052461343 | F12: =F11/E11-1 -> 0.063743077 | G12: =G11/F11-1 -> 0.038033334 | H12: =H11/G11-1 -> 0.095850223 | I12: =I11/H11-1 -> 0.074368865 | J12: =J11/I11-1 -> 0.11732869 | K12: =K11/J11-1 -> 0.058199345 | L12: =L11/K11-1 -> 0.0073082022 | M12: =AVERAGE(I12:L12) -> 0.064301275 | N12: =AVERAGE(J12:M12) -> 0.061784378 | O12: =N12 -> 0.061784378 | P12: =O12 -> 0.061784378 | Q12: =P12 -> 0.061784378 | R12: =Q12 -> 0.061784378
B13: Sales and service revenues - | C13: 119489 | D13: 125963 | E13: 133336 | F13: 134989 | G13: 127044 | H13: 145043 | I13: 157518 | J13: 207148 | K13: 202334 | L13: 199524
B14: Leasing revenues - | C14: - | D14: - | E14: 5732 | F14: 5856 | G14: 5209 | H14: 5988 | I14: 7514 | J14: 8416 | K14: 9227 | L14: 10034
B15: Interest, dividend and other investment income - | C15: 4725 | D15: 5144 | E15: 7678 | F15: 9240 | G15: 8092 | H15: 7465 | I15: 10263 | J15: 15764 | K15: 21825 | L15: 23261
B16: Operating Insurance & Other Revenue (ex-Investment Income & Gains) | C16: =C10-C15-C18 -> 165370 | D16: =D10-D15-D18 -> 186560 | E16: =E10-E15-E18 -> 196486 | F16: =F10-F15-F18 -> 201923 | G16: =G10-G15-G18 -> 195654 | H16: =H10-H15-H18 -> 220509 | I16: =I10-I15-I18 -> 239677 | J16: =J10-J15-J18 -> 298967 | ... L16: =L10-L15-L18 -> 298460
B17: Gains on Equity holdings | C17: =C18+C32 -> 5128 | D17: =D18+D32 -> 1202 | E17: =E18+E32 -> -22455 | F17: =F18+F32 -> 72607 | G17: =G18+G32 -> 40746 | H17: =H18+H32 -> 78542 | I17: =I18+I32 -> -67899 | J17: =J18+J32 -> 74855 | ... L17: =L18+L32 -> 39078
B18: Investment gains / losses | C18: 5128 | D18: 1202 | E18: 0 | F18: 0 | G18: 0 | H18: 0 | I18: 0 | J18: 0 | K18: 0 | L18: 0
B19: Investment gains / losses excluding other-than-temporary impairment losses on investments | C19: - | D19: - | E19: - | F19: - | G19: - | H19: - | I19: - | J19: - | K19: - | L19: -
B20: Other-than-temporary impairment losses on investments | C20: - | D20: - | E20: - | F20: - | G20: - | H20: - | I20: - | J20: - | K20: - | L20: -
B21: Total finance and financial products | C21: 10839 | D21: 9288 | E21: - | F21: - | G21: - | H21: - | I21: - | J21: - | K21: - | L21: -
B22: Sales and service revenues | C22: 6208 | D22: 6924 | E22: - | F22: - | G22: - | H22: - | I22: - | J22: - | K22: - | L22: - | M22: EBITDA | N22: =L57-L51+CFS!L15 -> 109265
B23: Interest, dividend and other investment income | C23: 1455 | D23: 1438 | E23: - | F23: - | G23: - | H23: - | I23: - | J23: - | K23: - | L23: -
B24: Investment gains / losses | C24: 2425 | D24: 208 | E24: - | F24: - | G24: - | H24: - | I24: - | J24: - | K24: - | L24: -
B25: Derivative gains / losses | C25: 751 | D25: 718 | E25: - | F25: - | G25: - | H25: - | I25: - | J25: - | K25: - | L25: -
B26: Other | C26: - | D26: - | E26: - | F26: - | G26: - | H26: - | I26: - | J26: - | K26: - | L26: -
B27: Railroad, utilities and energy - revenues | C27: 37542 | D27: 39943 | E27: 43673 | F27: 43453 | G27: 41764 | H27: 48120 | I27: 52149 | J27: 49751 | K27: 49790 | L27: 49723
B28: Freight rail transportation revenues | C28: - | D28: - | E28: 23703 | F28: 23357 | G28: 20750 | H28: 23177 | I28: 25802 | J28: 23791 | K28: 23355 | L28: 23330
B29: Insurance and other sales and service / energy operating revenues | C29: - | D29: - | E29: 15555 | F29: 15353 | G29: 15540 | H29: 18891 | I29: 21023 | J29: 21232 | K29: 21518 | L29: 21856 | N29: =L27+L16+L17 -> 387261
B30: Service revenues and other income | C30: - | D30: - | E30: 4415 | F30: 4743 | G30: 5474 | H30: 6052 | I30: 5324 | J30: 4728 | K30: 4917 | L30: 4537 | N30: =N29+L35 -> 68788
B31: Other | C31: - | D31: - | E31: - | F31: - | G31: - | H31: - | I31: - | J31: - | K31: - | L31: -
B32: Investment and derivative gains / losses | C32: 0 | D32: 0 | E32: -22455 | F32: 72607 | G32: 40746 | H32: 78542 | I32: -67899 | J32: 74855 | K32: 52799 | L32: 39078
B33: Investments gains / losses | C33: - | D33: - | E33: -22155 | F33: 71123 | G33: - | H33: - | I33: - | J33: - | K33: - | L33: -
B34: Derivative contract gains / losses | C34: - | D34: - | E34: -300 | F34: 1484 | G34: - | H34: - | I34: - | J34: - | K34: - | L34: -
B35: Total costs and expenses | C35: -190860 | D35: -221237 | E35: -219214 | F35: -225703 | G35: -231289 | H35: -243945 | I35: -266629 | J35: -321144 | K35: -315697 | L35: -318473
B36: Total insurance and other | C36: -156427 | D36: -183559 | E36: -184815 | F36: -192064 | G36: -198757 | H36: -206808 | I36: -225302 | J36: -278933 | K36: -274799 | L36: -278253
B37: Insurance losses and loss adjustment expenses | C37: -30906 | D37: -48891 | E37: -39906 | F37: -44456 | G37: -43951 | H37: -49964 | I37: -57646 | J37: -57187 | K37: -56186 | L37: -57307
B38: Life, annuity and health insurance benefits | C38: -5131 | D38: -5618 | E38: -5699 | F38: -4986 | G38: -5812 | H38: -6007 | I38: -5152 | J38: -4029 | K38: -3858 | L38: -4379
B39: Insurance underwriting expenses | C39: -7713 | D39: -9321 | E39: -9793 | F39: -11200 | G39: -12798 | H39: -12569 | I39: -11942 | J39: -15270 | K39: -16808 | L39: -17756
B40: Cost of sales and services | C40: -95754 | D40: -101748 | E40: -106083 | F40: -107041 | G40: -101091 | H40: -114138 | I40: -124319 | J40: -169281 | K40: -163642 | L40: -160062
B41: Cost of leasing | C41: - | D41: - | E41: -4061 | F41: -4003 | G41: -3520 | H41: -4201 | I41: -5550 | J41: -6037 | K41: -7069 | L41: -7685
B42: Selling, general and administrative expenses | C42: -16478 | D42: -16241 | E42: -18238 | F42: -19322 | G42: -30480 | H42: -18843 | I42: -19506 | J42: -25458 | K42: -25642 | L42: -29735
B43: Selling, general and administrative expenses | C43: -16478 | D43: -16241 | E43: - | F43: - | G43: -19809 | H43: -18843 | I43: -19506 | J43: -25458 | K43: -25642 | L43: -29735
B44: Goodwill and intangible asset impairments | C44: - | D44: - | E44: - | F44: - | G44: -10671 | H44: 0 | I44: 0 | J44: 0 | K44: 0 | L44: 0
B45: Interest expense and other | C45: -445 | D45: -1740 | E45: -1035 | F45: -1056 | G45: -1105 | H45: -1086 | I45: -1187 | J45: -1671 | K45: -1594 | L45: -1329
B46: Total railroad, utilities and energy | C46: -28836 | D46: -31288 | E46: -34399 | F46: -33639 | G46: -32532 | H46: -37137 | I46: -41327 | J46: -42211 | K46: -40898 | L46: -40220
B47: Cost of sales and operating expenses | C47: -26194 | D47: -28034 | E47: -31581 | F47: -30734 | G47: -29554 | H47: -34051 | I47: -38162 | J47: =SUM(J48:J50) -> -38879 | K47: =SUM(K48:K50) -> -37292 | L47: =SUM(L48:L50) -> -36480
B48: Freight rail transportation expenses | C48: - | D48: - | E48: -16045 | F48: -15436 | G48: -13120 | H48: -14477 | I48: -17282 | J48: -16464 | K48: -15965 | L48: -15366
B49: Utilities and energy cost of sales and other expenses | C49: - | D49: - | E49: -11641 | F49: -11296 | G49: -11638 | H49: -13959 | I49: -15896 | J49: -18399 | K49: -16984 | L49: -16959
B50: Other expenses | C50: - | D50: - | E50: -3895 | F50: -4002 | G50: -4796 | H50: -5615 | I50: -4984 | J50: -4016 | K50: -4343 | L50: -4155
B51: Interest expense | C51: -2642 | D51: -3254 | E51: -2818 | F51: -2905 | G51: -2978 | H51: -3086 | I51: -3165 | J51: -3332 | K51: -3606 | L51: -3740
B52: Total finance and financial products | C52: -5597 | D52: -6390 | E52: - | F52: - | G52: - | H52: - | I52: - | J52: - | K52: - | L52: -
B53: Cost of sales and services | C53: -3448 | D53: -4050 | E53: - | F53: - | G53: - | H53: - | I53: - | J53: - | K53: - | L53: -
B54: Selling, general and administrative expenses | C54: -1739 | D54: -1940 | E54: - | F54: - | G54: - | H54: - | I54: - | J54: - | K54: - | L54: -
B55: Other | C55: - | D55: - | E55: - | F55: - | G55: - | H55: - | I55: - | J55: - | K55: - | L55: -
B56: Interest expense | C56: -410 | D56: -400 | E56: - | F56: - | G56: - | H56: - | I56: - | J56: - | K56: - | L56: -
B57: Earnings before income taxes and equity in earnings of Kraft Heinz Company | C57: 32744 | D57: 20900 | E57: 6168 | F57: 101520 | G57: 54967 | H57: =H9+H32+H35 -> 110691 | I57: =I9+I32+I35 -> -32439 | J57: =J9+J32+J35 -> 118193 | K57: =K9+K32+K35 -> 108535 | L57: =L9+L32+L35 -> 92049
B58: Equity in earnings / loss of MidAmerican Energy Holdings Company | C58: 923 | D58: 2938 | E58: -2167 | F58: 1176 | G58: 726 | H58: 995 | I58: 1863 | J58: 1973 | K58: 1841 | L58: -9590
B59: Earnings / loss before income taxes | C59: 33667 | D59: 23838 | E59: 4001 | F59: 102696 | G59: 55693 | H59: 111686 | I59: -30576 | J59: =SUM(J57:J58) -> 120166 | K59: =SUM(K57:K58) -> 110376 | L59: =SUM(L57:L58) -> 82459
B60: Income tax expense / benefit | C60: -9240 | D60: 21515 | E60: 321 | F60: -20904 | G60: -12440 | H60: -20879 | I60: 8518 | J60: -23019 | K60: -20815 | L60: -15199
B61: Minority shareholders' interests | C61: - | D61: - | E61: - | F61: - | G61: - | H61: - | I61: - | J61: - | K61: - | L61: -
B62: Earnings from equity method investments | C62: - | D62: - | E62: - | F62: - | G62: - | H62: - | I62: - | J62: - | K62: - | L62: -
B63: Net earnings / loss | C63: 24427 | D63: 45353 | E63: 4322 | F63: 81792 | G63: 43253 | H63: 90807 | I63: -22058 | J63: =SUM(J59:J60) -> 97147 | K63: =SUM(K59:K60) -> 89561 | L63: =SUM(L59:L60) -> 67260
B64: Earnings attributable to noncontrolling interests | C64: -353 | D64: -413 | E64: -301 | F64: -375 | G64: -732 | H64: -1012 | I64: -761 | J64: -924 | K64: -566 | L64: -292
B65: Net earnings / loss attributable to Berkshire Hathaway shareholders | C65: 24074 | D65: 44940 | E65: 4021 | F65: 81417 | G65: 42521 | H65: 89795 | I65: -22819 | J65: =SUM(J63:J64) -> 96223 | K65: =SUM(K63:K64) -> 88995 | L65: =SUM(L63:L64) -> 66968
B66: Per share
B67: Class A
B68: Net earnings per share attributable to Berkshire Hathaway shareholders | C68: 14645 | D68: 27326 | E68: 2446 | F68: 49828 | G68: 26668 | H68: 59460 | I68: -15535 | J68: 66412 | K68: 61900 | L68: 45563
B69: Class B
B70: Net earnings per share attributable to Berkshire Hathaway shareholders | C70: 9.76 | D70: 18.219999 | E70: 1.63 | F70: 33.220001 | G70: 17.780001 | H70: 39.639999 | I70: -10.36 | J70: 44.27 | K70: 41.27 | L70: 31.04
B71: Weighted average shares
B72: Class A
B73: Average equivalent shares outstanding | C73: 1.643826 | D73: 1.644615 | E73: 1.643795 | F73: 1.633946 | G73: 1.594469 | H73: 1.51018 | I73: 1.468876 | J73: 1.44888 | K73: 1.43772 | L73: 1.438223
B74: Class B
B75: Average equivalent shares outstanding | C75: - | D75: 2466.9233 | E75: 2465.6924 | F75: 2450.9189 | G75: 2391.7036 | H75: 2265.2698 | I75: 2203.3137 | J75: 2173.3197 | K75: 2156.5803 | L75: 2157.3351
B76: All figures in millions of U.S. Dollar except per share items.

Sheet CFS
B1: Berkshire Hathaway Inc. Class B (BRK.B)
B5: Berkshire Hathaway Inc. Class B | C5: 42735 | D5: =C5+365 -> 43100 | E5: =D5+365 -> 43465 | F5: =E5+365 -> 43830 | G5: =F5+366 -> 44196 | H5: =G5+365 -> 44561 | I5: =H5+365 -> 44926 | J5: =I5+365 -> 45291 | K5: =J5+366 -> 45657 | L5: =K5+365 -> 46022
B6: BRK.B 084670702 2073390 NYSE Common stock
B9: Net cash flows from operating activities | C9: 32535 | D9: 45776 | E9: 37400 | F9: 38687 | G9: 39773 | H9: 39421 | I9: 37224 | J9: 49196 | K9: 30592 | L9: 45969
B10: Net earnings / loss | C10: 24427 | D10: 45353 | E10: 4322 | F10: 81792 | G10: 43253 | H10: 90807 | I10: -22058 | J10: 97147 | K10: 89561 | L10: 67260
B11: Adjustments to reconcile net earnings / loss to operating cash flows | C11: 8108 | D11: 423 | E11: 33078 | F11: -43105 | G11: -3480 | H11: -51386 | I11: 59282
B12: Investment gains / losses | C12: -7553 | D12: -1410 | E12: 22155 | F12: -71123 | G12: -40905 | H12: -77576 | I12: 67623 | J12: -74855 | K12: -52799 | L12: -39078
B13: Insurance and other | C13: -5128 | D13: -1202 | E13: - | F13: - | G13: - | H13: - | I13: - | J13: - | K13: - | L13: -
B14: finance and financial products | C14: -2425 | D14: -208 | E14: - | F14: - | G14: - | H14: - | I14: - | J14: - | K14: - | L14: -
B15: Depreciation and amortization | C15: 8901 | D15: 9188 | E15: 9779 | F15: 10064 | G15: 10596 | H15: 10718 | I15: 10899 | J15: 12486 | K15: 12855 | L15: 13476
B16: Minority interests | C16: - | D16: - | E16: - | F16: - | G16: - | H16: - | I16: - | J16: - | K16: - | L16: -
B17: Other, including asset impairment charges | C17: -161 | D17: 458 | E17: 2957 | F17: -1254 | G17: 11263 | H17: -3397 | I17: -4324 | J17: =-5510-513 -> -6023 | K17: =-11349-892 -> -12241 | L17: =-11964+10681-3239 -> -4522
B18: Changes in operating assets and liabilities | C18: =SUM(C19:C21,C23:C29) -> 6921 | D18: =SUM(D19:D21,D23:D29) -> -7813 | E18: =SUM(E19:E21,E23:E29) -> -1813 | F18: =SUM(F19:F21,F23:F29) -> 19208 | G18: =SUM(G19:G21,G23:G29) -> 15566 | H18: =SUM(H19:H21,H23:H29) -> 18869 | I18: =SUM(I19:I21,I23:I29) -> -14916 | J18: =SUM(J19:J21,J23:J29) -> 20441 | ... L18: =SUM(L19:L21,L23:L29) -> 2355
B19: Losses and loss adjustment expenses | C19: 4372 | D19: 25027 | E19: 3449 | F19: 6087 | G19: 4819 | H19: 4595 | I19: 4057 | J19: 2628 | K19: 2173 | L19: 3088
B20: Deferred charges reinsurance assumed | C20: -360 | D20: -7231 | E20: 1174 | F20: 357 | G20: 1307 | H20: 1802 | I20: 769 | J20: 375 | K20: 698 | L20: 693
B21: Unearned premiums | C21: 968 | D21: 1761 | E21: 1794 | F21: 1707 | G21: 1587 | H21: 2306 | I21: 1861 | J21: 1854 | K21: 376 | L21: 432
A22: x | B22: Insurance reserve and float-related changes | C22: =SUM(C19:C21) -> 4980 | D22: =SUM(D19:D21) -> 19557 | E22: =SUM(E19:E21) -> 6417 | F22: =SUM(F19:F21) -> 8151 | G22: =SUM(G19:G21) -> 7713 | H22: =SUM(H19:H21) -> 8703 | I22: =SUM(I19:I21) -> 6687 | J22: =SUM(J19:J21) -> 4857 | ... L22: =SUM(L19:L21) -> 4213
B23: Receivables and originated loans | C23: -3302 | D23: -1990 | E23: -3443 | F23: -2303 | G23: -1609 | H23: -5834 | I23: -5592 | J23: -1949 | K23: 626 | L23: -2426
B24: Derivative contract assets and liabilities | C24: -946 | D24: -775 | E24: - | F24: - | G24: - | H24: - | I24: - | J24: - | K24: - | L24: -
B25: Inventories | C25: - | D25: - | E25: - | F25: - | G25: - | H25: - | I25: -4779 | J25: 1426 | K25: - | L25: -
B26: Other | C26: 2145 | D26: 352
B27: Other assets | C27: - | D27: - | E27: -1832 | F27: -2011 | G27: -1109 | H27: -1686 | I27: -373 | J27: -1328 | K27: -206 | L27: -861
B28: Other liabilities | C28: - | D28: - | E28: 2002 | F28: 190 | G28: 3376 | H28: 2389 | I28: 2033 | J28: 2570 | K28: -2288 | L28: 429
B29: Income taxes | C29: 4044 | D29: -24957 | E29: -4957 | F29: 15181 | G29: 7195 | H29: 15297 | I29: -12892 | J29: 14865 | K29: -8163 | L29: 1000
B30: Other WC changes | C30: =SUM(C23:C29) -> 1941 | D30: =SUM(D23:D29) -> -27370 | E30: =SUM(E23:E29) -> -8230 | F30: =SUM(F23:F29) -> 11057 | G30: =SUM(G23:G29) -> 7853 | H30: =SUM(H23:H29) -> 10166 | I30: =SUM(I23:I29) -> -21603 | J30: =SUM(J23:J29) -> 15584 | ... L30: =SUM(L23:L29) -> -1858
B31: Net cash flows from investing activities | C31: -84267 | D31: -41091 | E31: -32849 | F31: -5621 | G31: -37757 | H31: 29392 | I31: -87601 | J31: -32663 | K31: -10287 | L31: -44487
B32: Purchases of equity securities | C32: -16508 | D32: -20326 | E32: -43210 | F32: -18642 | G32: -30161 | H32: -8448 | I32: -67930 | J32: -16462 | K32: -9237 | L32: -16923
B33: Investments in The Kraft Heinz Company and other investments | C33: 0 | D33: 0 | E33: - | F33: - | G33: - | H33: - | I33: - | J33: - | K33: - | L33: -
B34: Sales and redemptions of equity securities | C34: 28464 | D34: 19512 | E34: 18783 | F34: 14336 | G34: 38756 | H34: 15849 | I34: 33664 | J34: 40631 | K34: 143359 | L34: 30686
B35: Sales of equity securities excluding redemptions of other investments | C35: - | D35: - | E35: - | F35: - | G35: - | H35: - | I35: - | J35: - | K35: - | L35: -
B36: Redemptions of other investments | C36: - | D36: - | E36: - | F36: - | G36: - | H36: - | I36: - | J36: - | K36: - | L36: -
B37: Purchases of fixed maturity securities | C37: -96568 | D37: -158492 | E37: -141844 | F37: -136123 | G37: -208429 | H37: -152637 | I37: -183922 | J37: -235007 | K37: -526842 | L37: -586129
B38: Sales of fixed maturity securities | C38: 18757 | D38: 49327 | E38: 39693 | F38: 15929 | G38: 31873 | H38: 27188 | I38: 90088 | J38: 52302 | K38: 48462 | L38: 44769
B39: Redemptions and maturities of fixed maturity securities | C39: 26177 | D39: 86727 | E39: 113045 | F39: 137767 | G39: 149709 | H39: 160402 | I39: 66318 | J39: 153201 | K39: 353538 | L39: 503954
B40: Acquisitions of businesses, net of cash acquired | C40: -31399 | D40: -2708 | E40: -3279 | F40: -1683 | G40: -2532 | H40: -456 | I40: -10594 | J40: -8604 | K40: -396 | L40: -1074
B41: Purchases of property, plant and equipment | C41: -12954 | D41: -11708 | E41: -14537 | F41: -15979 | G41: -13012 | H41: -13276 | I41: -15464 | J41: -19409 | K41: -18976 | L41: -20927
B42: Other | C42: -236 | D42: -3423 | E42: -1500 | F42: -1226 | G42: -3961 | H42: 770 | I42: 239 | J42: 685 | K42: -195 | L42: -1157
B43: Purchases of loans and finance receivables | C43: -307 | D43: -1435 | E43: -1771 | F43: -75 | G43: -772 | H43: -88 | I43: - | J43: - | K43: - | L43: -
B44: Collections of loans and finance receivables | C44: 490 | D44: 1702 | E44: 342 | F44: 345 | G44: 393 | H44: 561 | I44: - | J44: - | K44: - | L44: -
B45: Other excluding purchases of loans and finance receivables and collections of loans and finance receivables | C45: -419 | D45: -3690 | E45: -71 | F45: -1496 | G45: -3582 | H45: 297 | I45: - | J45: - | K45: - | L45: -
B46: Net cash flows from financing activities | C46: 12791 | D46: -1398 | E46: -5812 | F46: 730 | G46: -18344 | H46: -28508 | I46: -1662 | J46: -14405 | K46: -10360 | L46: 2233
B47: Proceeds from borrowings | C47: 14172 | D47: 2645 | E47: 2409 | F47: 8144 | G47: 5925 | H47: 2961 | I47: 7822 | J47: 2133 | K47: 5528 | L47: 3071
B48: Proceeds from borrowings of insurance and other businesses | C48: 9431 | D48: 1342 | E48: 2409 | F48: 8144 | G48: 5925 | H48: 2961 | I48: 7822 | J48: 2133 | K48: 5528 | L48: 3071
B49: Proceeds from borrowings of finance businesses | C49: 4741 | D49: 1303 | E49: - | F49: - | G49: - | H49: - | I49: - | J49: - | K49: - | L49: -
B50: Repayments of borrowings | C50: -2577 | D50: -5465 | E50: -7395 | F50: -5095 | G50: -2700 | H50: -3032 | I50: -1502 | J50: -6027 | K50: -7796 | L50: -3050
B51: Repayments of borrowings of insurance and other businesses | C51: -1264 | D51: -1856 | E51: -7395 | F51: -5095 | G51: -2700 | H51: -3032 | I51: -1502 | J51: -6027 | K51: -7796 | L51: -3050
B52: Repayments of borrowings of finance businesses | C52: -1313 | D52: -3609 | E52: - | F52: - | G52: - | H52: - | I52: - | J52: - | K52: - | L52: -
B53: Proceeds from borrowings of railroad, utilities and energy businesses | C53: 3077 | D53: 3013 | E53: 7019 | F53: 5400 | G53: 8445 | H53: 3959 | I53: 4873 | J53: 5684 | K53: 7658 | L53: 6101
B54: Repayments of borrowings of railroad, utilities and energy businesses | C54: -2123 | D54: -3549 | E54: -4213 | F54: -2638 | G54: -3761 | H54: -4016 | I54: -2426 | J54: -5284 | K54: -4151 | L54: -3974
B55: Changes in short term borrowings, net | C55: 130 | D55: 2079 | E55: -1943 | F55: 266 | G55: -1118 | H55: -624 | I55: -596 | J55: 2407 | K55: -3059 | L55: 878
B56: Acquisitions of noncontrolling interests and other | C56: 112 | D56: -121 | E56: -1689 | F56: -5347 | G56: -25135 | H56: -27756 | I56: -9833
B57: Acquisitions of noncontrolling interests and treasury stock | C57: - | D57: - | E57: -1346 | F57: -4850 | G57: -24706 | H57: -27061 | I57: -7854 | J57: -9171 | K57: -2918
B58: Acquisitions of treasury stock | C58: - | D58: - | E58: -1346 | F58: -4850 | G58: -24706 | H58: -27061 | I58: -7854 | J58: -9171 | K58: -2918
B59: Acquisitions of noncontrolling interests | C59: - | D59: - | E59: - | F59: - | G59: - | H59: - | I59: - | J59: -
B60: Other, principally transactions with noncontrolling interests | C60: - | D60: -121 | E60: -343 | F60: -497 | G60: -429 | H60: -695 | I60: -1979 | J60: -4147 | K60: -5622 | L60: -793
B61: Effects of foreign currency exchange rate changes | C61: -172 | D61: 248 | E61: -140 | F61: 25 | G61: 92 | H61: 5 | I61: -268 | J61: 116 | K61: -212 | L61: 478
B62: Increase / decrease in cash and cash equivalents | C62: -39113 | D62: 3535 | E62: -1401 | F62: 33821 | G62: -16236 | H62: 40310 | I62: -52307 | J62: 2244 | K62: 9733 | L62: 4193
B63: Cash and cash equivalents and restricted cash at beginning of period | C63: 67161 | D63: 28048 | E63: 32212 | F63: 30811 | G63: 64632 | H63: 48396 | I63: 88706 | J63: 36399 | K63: 38643 | L63: 48376
B64: Insurance and other | C64: 63724 | D64: 24109 | E64: - | F64: - | G64: - | H64: - | I64: - | J64: - | K64: - | L64: -
B65: Insurance and other excluding finance and financial products | C65: 56612 | D65: 23581 | E65: - | F65: - | G65: - | H65: - | I65: - | J65: - | K65: - | L65: -
B66: Finance and financial products | C66: 7112 | D66: 528 | E66: - | F66: - | G66: - | H66: - | I66: - | J66: - | K66: - | L66: -
B67: Railroad, utilities and energy | C67: 3437 | D67: 3939 | E67: - | F67: - | G67: - | H67: - | I67: - | J67: - | K67: - | L67: -
B68: Restricted cash, included in other assets at beginning of period | C68: - | D68: - | E68: - | F68: - | G68: - | H68: - | I68: - | J68: - | K68: - | L68: -
B69: Cash and cash equivalents and restricted cash at end of period | C69: 28048 | D69: 31583 | E69: 30811 | F69: 64632 | G69: 48396 | H69: 88706 | I69: 36399 | J69: 38643 | K69: 48376 | L69: 52569
B70: Cash and cash equivalents at end of period | C70: 28048 | D70: 31583 | E70: 30811 | F70: 64632 | G70: 48396 | H70: 88706 | I70: 36399 | J70: =SUM(J72:J75) -> 38643 | K70: =SUM(K72:K75) -> 48376 | L70: =SUM(L72:L75) -> 52569
B71: Insurance and other excluding finance and financial products | C71: 24109 | D71: 28673 | E71: 27749 | F71: 61151 | G71: 44714 | H71: 85319 | I71: 32260 | J71: 34268 | K71: 44333 | L71: 47719
B72: Insurance and other | C72: 23581 | D72: 25460 | E72: 27749 | F72: 61151 | G72: 44714 | H72: 85319 | I72: 32260 | J72: 34268 | K72: 44333 | L72: 47719
B73: Finance and financial products | C73: 528 | D73: 3213 | E73: - | F73: - | G73: - | H73: - | I73: - | J73: - | K73: - | L73: -
B74: Railroad, utilities and energy | C74: 3939 | D74: 2910 | E74: 2612 | F74: 3024 | G74: 3276 | H74: 2865 | I74: 3551 | J74: 3754 | K74: 3396 | L74: 4158
B75: Restricted cash, included in other assets | C75: - | D75: - | E75: 450 | F75: 457 | G75: 406 | H75: 522 | I75: 588 | J75: 621 | K75: 647 | L75: 692
B76: Supplemental disclosure
B77: Cash paid during the period for
B78: Income taxes | C78: - | D78: - | E78: - | F78: - | G78: - | H78: - | I78: - | J78: - | K78: - | L78: -
B79: Interest of finance and financial products businesses | C79: - | D79: - | E79: - | F79: - | G79: - | H79: - | I79: - | J79: - | K79: - | L79: -
B80: Interest of utilities and energy businesses | C80: - | D80: - | E80: - | F80: - | G80: - | H80: - | I80: - | J80: - | K80: - | L80: -
B81: Interest of insurance and other businesses | C81: - | D81: - | E81: - | F81: - | G81: - | H81: - | I81: - | J81: - | K81: - | L81: -
B82: Non-cash investing activity | J82: - | K82: - | L82: -
B83: Investments received in connection with the Equitas reinsurance transaction | C83: - | D83: - | E83: - | F83: - | G83: - | H83: - | I83: - | J83: - | K83: - | L83: -
B84: Liabilities assumed in connection with acquisitions of businesses | C84: - | D84: - | E84: - | F84: - | G84: - | H84: - | I84: - | J84: - | K84: - | L84: -
B85: All figures in millions of U.S. Dollar.

Sheet Historical Equity Holding
B1: Berkshire Hathaway Inc. Class B (BRK.B)
B5: Berkshire Hathaway Inc. Class B | C5: 42735 | D5: =C5+365 -> 43100 | E5: =D5+365 -> 43465 | F5: =E5+365 -> 43830 | G5: =F5+366 -> 44196 | H5: =G5+365 -> 44561 | I5: =H5+365 -> 44926 | J5: =I5+365 -> 45291 | K5: =J5+366 -> 45657 | L5: =K5+365 -> 46022
B6: BRK.B 084670702 2073390 NYSE Common stock
B9: Cash and cash equivalents | C9: 23581 | D9: 25460 | E9: 27749 | F9: 61151 | G9: 44714 | H9: 85319 | I9: 32260 | J9: 34268 | K9: 44333 | L9: 47719
B10: Short-term investments in U.S. Treasury Bills | C10: 47338 | D10: 78515 | E10: 81506 | F10: 63822 | G10: 90300 | H10: 58535 | I10: 92774 | J10: 129619 | K10: 286272 | L10: 321434
B11: Investments in fixed maturity securities | C11: 23432 | D11: 21353 | E11: 19898 | F11: 18685 | G11: 20410 | H11: 16434 | I11: 25128 | J11: 23758 | K11: 15364 | L11: 17816
B12: Investments in equity securities | C12: 134835 | D12: 164026 | E12: 172757 | F12: 258027 | G12: 281170 | H12: 350719 | I12: 308793 | J12: 353842 | K12: 271588 | L12: 297778
B13: Equity method investments | C13: 15345 | D13: 17635 | E13: 17325 | F13: 17505 | G13: 17303 | H13: 16045 | I13: 28050 | J13: 29066 | K13: 31134 | L13: 19978
